 Dungeon Crawl Stone Soup version 0.30.0-19-g36f170ea60 (console) character file.

Game seed: 4965989211337173962

12529606 ryak the Annihilator (level 27, 273/273 HPs)
             Began as a Green Draconian Conjurer on May 27, 2023.
             Was the Champion of Vehumet.
             Escaped with the Orb
             ... and 15 runes on June 2, 2023!
             The game lasted 21:18:12 (130398 turns).

ryak the Annihilator (Green Draconian Conjurer)   Turns: 130398, Time: 21:18:12

Health: 273/273    AC: 24    Str: 18    XL:     27
Magic:  63/63      EV: 15    Int: 37    God:    Vehumet [******]
Gold:   19499      SH: 30    Dex:  5    Spells: 3/80 levels left

rFire   + + +        P - staff of conjuration "Cuipiplyon" {Will+ Stlth+}
rCold   + . .        o - +8 tower shield {AC+3}
rNeg    + + +        (body armour unavailable)
rPois   +            N - -2 hat of the Alchemist {rElec rPois rF+ rC+ rN+ Will+ rMut rCorr}
rElec   +            C - +4 dragonskin cloak
rCorr   +            l - +2 pair of gloves of Kikubaaqudgha's Wrath {Str+3 Int+4}
SInv    +            A - +1 pair of boots of Weightlessness {rElec rPois Regen+ Dex-4}
Will    ++++.        O - amulet of Vitality {RegenMP++ Regen++}
Stlth   ++           m - ring of the Howling Pariah {rF++ MP+9 Int+2 Slay-3}
HPRegen 3.05/turn    B - ring of the Eagle {Fly rN++ Str+3 SInv}
MPRegen 1.18/turn

%: resist mutation
@: flying, studying 6 skills
A: breathe noxious fumes, AC +13, unfitting armour, stinger 1, poison
resistance, cold-blooded, deterioration 1, inability to read after injury 1
0: Orb of Zot
}: 15/15 runes: serpentine, barnacled, slimy, silver, golden, iron, obsidian,
icy, bone, abyssal, demonic, glowing, magical, fiery, dark
a: Breathe Noxious Fumes, Renounce Religion


You escaped.
You worshipped Vehumet.
Vehumet was exalted by your worship.
You visited 18 branches of the dungeon, and saw 87 of its levels.
You visited Pandemonium 1 time, and saw 19 of its levels.
You visited the Abyss 2 times.
You completed 1 ziggurat, and saw 27 of its levels.
You also visited: Trove, Bailey, Gauntlet, Ice Cave and Wizlab.

You collected 22621 gold pieces.
You spent 3122 gold pieces at shops.

Inventory:

Armour
 l - the +2 pair of gloves of Kikubaaqudgha's Wrath (worn) {Str+3 Int+4}
   (You acquired it on level 7 of the Dungeon)

   Str:       It affects your strength (+3).
   Int:       It affects your intelligence (+4).
 o - a +8 tower shield of protection (worn)
 A - the +1 pair of boots of Weightlessness (worn) {rElec rPois Regen+ Dex-4}
   (You found it on level 7 of Cocytus)

   Dex:       It affects your dexterity (-4).
   rElec:     It insulates you from electricity.
   rPois:     It protects you from poison.
   Regen:     It increases your rate of health regeneration.
 C - the +4 dragonskin cloak (worn)
   (You took it off Tiamat on level 1 of the Realm of Zot)

   Avatar's Aegis: It grants the wearer a chance to resist fire, cold, poison,
   electricity, acid, and negative energy.
 N - the -2 hat of the Alchemist (worn) {rElec rPois rF+ rC+ rN+ Will+ rMut rCorr}
   (You found it on level 3 of the Shoals)

   rF:        It protects you from fire.
   rC:        It protects you from cold.
   rElec:     It insulates you from electricity.
   rPois:     It protects you from poison.
   rN:        It protects you from negative energy.
   rCorr:     It protects you from acid and corrosion.
   rMut:      It protects you from mutation.
   Will:      It increases your willpower.
 Q - a +2 pair of boots of rampaging
Magical Staves
 P - the staff of conjuration "Cuipiplyon" (weapon) {Will+ Stlth+}
   (You found it on level 3 of the Shoals)

   [staff of conjuration]

   Base accuracy: +5 Base damage: 5 Base attack delay: 1.2 This weapon's minimum
   attack delay (0.6) is reached at skill level 12.
   Will:      It increases your willpower.
   Stlth:     It makes you more stealthy.
   It falls into the 'Staves' category.
   It is a one-handed weapon.
Jewellery
 g - the ring "Imeici" {rF+ rN+ Will++ rCorr Int+6}
   (You found it on level 27 of a ziggurat)

   [ring of intelligence]

   Int:       It affects your intelligence (+6).
   rF:        It protects you from fire.
   rN:        It protects you from negative energy.
   rCorr:     It protects you from acid and corrosion.
   Will:      It greatly increases your willpower.
 i - the ring "Juzxumn" {rN++ MP+9 Dex+3 Stlth-}
   (You took it off a frost giant on level 5 of the Vaults)

   [ring of magical power]

   Dex:       It affects your dexterity (+3).
   rN:        It greatly protects you from negative energy.
   MP:        It affects your magic capacity (+9).
   Stlth:     It makes you less stealthy.
 m - the ring of the Howling Pariah (left hand) {rF++ MP+9 Int+2 Slay-3}
   (You bought it in a shop on level 2 of the Orcish Mines)

   [ring of magical power]

   Int:       It affects your intelligence (+2).
   Slay:      It affects your accuracy & damage with ranged weapons and melee
   (-3).
   rF:        It greatly protects you from fire.
   MP:        It affects your magic capacity (+9).
 B - the ring of the Eagle (right hand) {Fly rN++ Str+3 SInv}
   (You took it off a deep elf death mage on level 3 of the Elven Halls)

   [ring of flight]

   Str:       It affects your strength (+3).
   rN:        It greatly protects you from negative energy.
   SInv:      It lets you see invisible.
   Fly:       It grants you flight.
 G - the ring "Jeshyewk" {rElec rF+ rC+ Will+}
   (You found it on level 17 of a ziggurat)

   [ring of willpower]

   rF:        It protects you from fire.
   rC:        It protects you from cold.
   rElec:     It insulates you from electricity.
   Will:      It increases your willpower.
 O - the amulet of Vitality (around neck) {RegenMP++ Regen++}
   (You found it on level 23 of a ziggurat)

   [amulet of magic regeneration]

   It increases your rate of magic regeneration.
   Regen:     It increases your rate of health regeneration.
Wands
 y - a wand of paralysis (121)
 z - a wand of mindburst (80)
 E - a wand of acid (48)
 F - a wand of digging (31)
 R - a wand of iceblast (162)
Scrolls
 d - 12 scrolls of magic mapping
 k - 11 scrolls of amnesia
 p - 23 scrolls of fog
 q - 19 scrolls of blinking
 r - 14 scrolls of enchant armour
 w - 7 scrolls of silence
 x - 58 scrolls of teleportation
 J - 16 scrolls of poison
 K - 12 scrolls of fear
 L - 14 scrolls of enchant weapon
 M - 2 scrolls of butterflies
Potions
 a - 11 potions of invisibility
 b - 11 potions of ambrosia
 c - 31 potions of curing
 e - 21 potions of heal wounds
 h - 3 potions of haste
 j - 22 potions of lignification
 n - 10 potions of magic
 t - 22 potions of mutation
 u - a potion of berserk rage
 v - 10 potions of might
 I - 9 potions of cancellation
 W - 6 potions of brilliance
 Y - 7 potions of resistance
Miscellaneous
 f - 2 +1 figurines of a ziggurat
 s - a tin of tremorstones (2/2)
 D - the horn of Geryon
 S - a box of beasts
 T - a lightning rod (4/4)
 U - a phial of floods
 V - a phantom mirror


   Skills:
 O Level 27 Fighting
 - Level 6.0 Short Blades
 - Level 12.0 Staves
 + Level 20.0 Dodging
 - Level 9.0 Stealth
 O Level 27 Shields
 O Level 27 Spellcasting
 O Level 27 Conjurations
 - Level 5.0 Summonings
 O Level 27 Necromancy
 - Level 2.0 Translocations
 - Level 14.0 Transmutations
 O Level 27 Fire Magic
 + Level 23.6 Earth Magic
 O Level 27 Evocations


You had 3 spell levels left.
You knew the following spells:

 Your Spells              Type           Power      Damage    Failure   Level
f - Infestation           Necr           64%        N/A       1%          8
i - Irradiate             Conj/Tmut      70%        3d35      0%          5
l - Lehudib's Crystal Sp  Conj/Erth      75%        10d17     1%          8
s - Iron Shot             Conj/Erth      75%        9d14      0%          6
y - Yara's Violent Unrav  Hex/Tmut       40%        3d16      1%          5
B - Blink                 Tloc           100%       N/A       1%          2
F - Fire Storm            Conj/Fire      77%        8d19      1%          9
N - Necromutation         Tmut/Necr      58%        N/A       1%          8
S - Sublimation of Blood  Necr           100%       N/A       0%          2
W - Death's Door          Necr           64%        N/A       1%          9
X - Borgnjor's Revivific  Necr           64%        N/A       1%          8
Z - Spellforged Servitor  Conj/Summ      64%        N/A       1%          7

Your spell library contained the following spells:

 Spells                   Type           Power      Damage    Failure   Level
 Beastly Appendage        Tmut           100%       N/A       0%          1
 Foxfire                  Conj/Fire      100%       2x1d9     0%          1
 Kiss of Death            Conj/Necr      100%       2d13      0%          1
 Magic Dart               Conj           100%       1d8       0%          1
 Necrotise                Necr           100%       1d9       0%          1
 Sandblast                Erth           100%       2d20      0%          1
 Shock                    Conj/Air       100%       1d9       0%          1
 Cigotuvi's Dreadful Rot  Necr/Pois/Air  100%       N/A       0%          2
 Momentum Strike          Conj/Tloc      100%       3d10      0%          2
 Passwall                 Tmut/Erth      93%        N/A       0%          2
 Scorch                   Fire           100%       2d9       0%          2
 Searing Ray              Conj           100%       2d8       0%          2
 Static Discharge         Conj/Air       100%       2-7/arc   0%          2
 Wereblood                Tmut           100%       N/A       0%          2
 Dazzling Flash           Conj/Hex       100%       N/A       0%          3
 Hailstorm                Conj/Ice       100%       3d20      0%          3
 Ignite Poison            Fire/Tmut/Pois 100%       N/A       0%          3
 Inner Flame              Hex/Fire       99%        N/A       0%          3
 Stone Arrow              Conj/Erth      100%       3d13      0%          3
 Vampiric Draining        Necr           100%       2d13      0%          3
 Apportation              Tloc           100%       N/A       1%          1
 Freeze                   Ice            100%       1d10      1%          1
 Slow                     Hex            100%       N/A       1%          1
 Sting                    Tmut/Pois      100%       1d8       1%          1
 Summon Small Mammal      Summ           100%       N/A       1%          1
 Call Imp                 Summ           100%       N/A       1%          2
 Ensorcelled Hibernation  Hex/Ice        98%        N/A       1%          2
 Lesser Beckoning         Tloc           100%       N/A       1%          2
 Poisonous Vapours        Pois/Air       98%        N/A       1%          2
 Call Canine Familiar     Summ           72%        N/A       1%          3
 Confusing Touch          Hex            49%        N/A       1%          3
 Frozen Ramparts          Ice            98%        1d15      1%          3
 Gell's Gravitas          Tloc           59%        N/A       1%          3
 Mephitic Cloud           Conj/Pois/Air  100%       N/A       1%          3
 Ozocubu's Armour         Ice            49%        N/A       1%          3
 Spider Form              Tmut/Pois      80%        N/A       1%          3
 Summon Guardian Golem    Hex/Summ       62%        N/A       1%          3
 Swiftness                Air            49%        N/A       1%          3
 Teleport Other           Tloc           59%        N/A       1%          3
 Vhi's Electric Charge    Tloc/Air       100%       N/A       1%          3
 Anguish                  Hex/Necr       49%        N/A       0%          4
 Animate Dead             Necr           100%       N/A       0%          4
 Dispel Undead            Necr           100%       3d31      0%          4
 Flame Wave               Conj/Fire      100%       2d21      0%          4
 Fulminant Prism          Conj/Hex       61%        3d26      0%          4
 Iskenderun's Mystic Bla  Conj/Tloc      100%       2d19      0%          4
 Petrify                  Tmut/Erth      100%       N/A       0%          4
 Sticky Flame             Conj/Fire      100%       2d11      0%          4
 Agony                    Necr           100%       N/A       0%          5
 Borgnjor's Vile Clutch   Necr/Erth      63%        N/A       0%          5
 Fireball                 Conj/Fire      77%        3d29      0%          5
 Iskenderun's Battlesphe  Conj           100%       2d15      0%          5
 Lee's Rapid Deconstruct  Erth           61%        3d28*     0%          5
 Death Channel            Necr           64%        N/A       0%          6
 Starburst                Conj/Fire      77%        6d20      0%          6
 Orb of Destruction       Conj           77%        9d17      0%          7
 Airstrike                Air            24%        2d(4-20)  1%          4
 Ice Form                 Ice/Tmut       80%        N/A       1%          4
 Leda's Liquefaction      Hex/Erth       47%        N/A       1%          4
 Manifold Assault         Tloc           59%        N/A       1%          4
 Olgreb's Toxic Radiance  Pois           49%        N/A       1%          4
 Summon Ice Beast         Ice/Summ       62%        N/A       1%          4
 Summon Lightning Spire   Summ/Air       62%        N/A       1%          4
 Alistair's Intoxication  Tmut/Pois      53%        N/A       1%          5
 Arcjolt                  Conj/Air       61%        1d71      1%          5
 Blade Hands              Tmut           50%        N/A       1%          5
 Freezing Cloud           Conj/Ice/Air   54%        6-21      1%          5
 Conjure Ball Lightning   Conj/Air       61%        3x3d22    1%          6
 Eringya's Noxious Bog    Tmut/Pois      40%        N/A       1%          6
 Plasma Beam              Fire/Air       49%        2x1d70    1%          6
 Simulacrum               Ice/Necr       49%        N/A       1%          6
 Statue Form              Tmut/Erth      74%        N/A       1%          6
 Dragon Form              Tmut           50%        N/A       1%          7
 Haunt                    Necr/Summ      53%        N/A       1%          7
 Ignition                 Fire           64%        3d17      1%          8
 Shatter                  Erth           61%        3d45*     1%          9
 Summon Forest            Summ/Tloc      33%        N/A       2%          5
 Cause Fear               Hex            24%        N/A       3%          4
 Summon Mana Viper        Hex/Summ       62%        N/A       3%          5
 Summon Cactus Giant      Summ           36%        N/A       8%          6
 Metabolic Englaciation   Hex/Ice        24%        N/A       11%         5
 Silence                  Hex/Air        24%        N/A       11%         5
 Storm Form               Tmut/Air       40%        N/A       19%         7
 Dispersal                Tloc           29%        N/A       26%         6
 Chain Lightning          Conj/Air       61%        3d81      36%         9
 Monstrous Menagerie      Summ           36%        N/A       38%         7
 Summon Hydra             Summ           36%        N/A       38%         7
 Malign Gateway           Summ/Tloc      33%        N/A       58%         7
 Ozocubu's Refrigeration  Ice            24%        4d12      58%         7
 Enfeeble                 Hex            24%        N/A       97%         7
 Summon Horrible Things   Summ           36%        N/A       97%         8
 Maxwell's Capacitive Co  Air            24%        ∞         99%         8
 Discord                  Hex            24%        N/A       100%        8
 Dragon's Call            Summ           36%        N/A       100%        9
 Polar Vortex             Ice            24%        N/A       100%        9
 Animate Armour           Summ/Erth      Unusable   N/A       N/A         4

Dungeon Overview and Level Annotations

Branches:
Dungeon (15/15)            Temple (1/1) D:6            Lair (5/5) D:10
 Shoals (4/4) Lair:2        Snake (4/4) Lair:2        Slime (5/5) Lair:5
    Orc (2/2) D:12            Elf (3/3) Orc:2        Vaults (5/5) D:14
  Crypt (3/3) Vaults:2       Tomb (3/3) Crypt:3      Depths (4/4) D:15
   Hell (visited)             Dis (7/7) Hell            Geh (7/7) Hell
    Coc (7/7) Hell            Tar (7/7) Hell            Zot (5/5) Depths:4
 Bailey (visited)           IceCv (visited)          WizLab (visited)
Gauntlet (visited)

Altars:
Ashenzari
Cheibriados
Dithmenos
Elyvilon
Fedhas
Gozag
Hepliaklqana
Kikubaaqudgha
Makhleb
Nemelex Xobeh
Okawaru
Qazlal
Ru
Sif Muna
Trog
Uskayaw
Vehumet
Wu Jian
Xom
Yredelemnul
Zin
The Shining One
Jiyva
Lugonu

Shops:
D:9 *   Orc:2 !==(   Shoals:3 !   Shoals:4 :   Snake:4 [*=:!?**((   Vaults:1 *
Vaults:4 [?*[   Zot:4 *   Depths:2 ?   Depths:4 [?:

Portals:
Hell: Depths:1 Depths:2 Depths:3 Depths:4
Abyss: Depths:1 Depths:2 Depths:3
Pandemonium: Depths:2 Depths:4

Annotations:
D:7 2 runed translucent doors
Shoals:3 3 runed translucent doors, Aral's ghost, adept MiBe; Qatuad's ghost, adept GnFi; Qidumn's ghost, adept MiFi


Innate Abilities, Weirdness & Mutations

You can breathe blasts of noxious fumes.
Your lurid green scales are hard. (AC +13)
You cannot fit into any form of body armour.
Your tail ends in a venomous barb.
Your system is resistant to poisons. (rPois)
You are cold-blooded and may be slowed by cold attacks.
Your body sometimes deteriorates upon taking damage.
You occasionally lose the ability to read scrolls when taking damage.


Message History

(D) Dungeon (T) Temple (L) Lair (A) Shoals (P) Snake Pit (M) Slime Pits (O) Orcish Mines (E) Elven Halls (V) Vaults (C) Crypt (W) Tomb (U) Depths (H) Hell (I) Dis (G) Gehenna (X) Cocytus (Y) Tartarus (Z) Zot
Where to? (Enter - D:3 @ (x,y), ? - help)
You see here a +0 whip.
There is a stone staircase leading up here.
You fly upwards.
There is a stone staircase leading down here.
(D) Dungeon (T) Temple (L) Lair (A) Shoals (P) Snake Pit (M) Slime Pits (O) Orcish Mines (E) Elven Halls (V) Vaults (C) Crypt (W) Tomb (U) Depths (H) Hell (I) Dis (G) Gehenna (X) Cocytus (Y) Tartarus (Z) Zot
Where to? (Enter - D:1, ? - help)
Okay, then.
Unknown command.
A Hell Sentinel comes into view.
Casting: Lehudib's Crystal Spear (mildly dangerous; 1% risk of failure)
Confirm with . or Enter, or press ? or * to list all spells.
Aiming: Lehudib's Crystal Spear (mildly dangerous; 1% risk of failure)
Press: ? - help, Shift-Dir - straight line, f - Hell Sentinel
Aim: a Hell Sentinel (99% to hit)
You feel a surge of power!
The crystal spear hits the Hell Sentinel!!!!
The Hell Sentinel is severely wounded.
Unknown command.
Casting: Lehudib's Crystal Spear (mildly dangerous; 1% risk of failure)
Confirm with . or Enter, or press ? or * to list all spells.
Aiming: Lehudib's Crystal Spear (mildly dangerous; 1% risk of failure)
Press: ? - help, Shift-Dir - straight line, f/p - Hell Sentinel
Aim: a Hell Sentinel (severely wounded, 99% to hit)
You feel a surge of power!
The crystal spear hits the Hell Sentinel!!!
You kill the Hell Sentinel!
Vehumet accepts your kill.
You feel your power returning.
There is a staircase leading out of the dungeon here.
You have escaped!

#.# #....###.....############ #.#
#.##............## #.... #.#
#.............#..# #.### #.#
#...♣♣♣♣♣♣♣♣♣.##.####.### #.#
##.♣..PP..PP♣.#.......... #.#
#.♣...P..PP♣.#.#####.##. #.#
#.♣P...PP..♣...# #.##. #.#
#.♣PP...P..♣..## #.##. #.#
#.♣..P.@.PP♣.## #.##.
#'########.♣..PP...P♣.# ##'##.
.........#.♣PP..P...♣.# #.....
.........#.♣PP..PP..♣.# #..(..
.........#.♣♣♣♣♣♣♣♣♣..######.....
.........#............#....'.....
.........########...###.####.....
^........'.# ###.# #.# #.....
.........#.# #.# #.# ######


There were no monsters in sight!

Vanquished Creatures
  34 pandemonium lords
  Antaeus (Coc:7)
  Asmodeus (Geh:7)
  the Royal Jelly (Slime:5)
  Ereshkigal (Tar:7)
  the Serpent of Hell (Dis:7)
  Gloorx Vloq (Pan)
  2 seraphim
  Lom Lobon (Pan)
  8 dread liches
  Mnoleg (Pan)
  Dispater (Dis:7)
  Tiamat (Zot:1)
  7 orbs of fire
  8 ancient liches
  12 juggernauts
  The ghost of Cyqimiab the Merfolkian Porcupine, a legendary MfGl of Ru (Zot:3)
  33 royal mummies
  45 shard shrikes
  Vashnia (Snake:3)
  Margery (Crypt:1)
  16 Killer Klowns
  Saint Roka (Vaults:1)
  44 caustic shrikes
  5 curse toes
  Geryon (Hell)
  Jory (Crypt:3)
  15 golden dragons
  3 pearl dragons
  12 bone dragons
  27 profane servitors
  8 doom hounds
  24 Brimstone Fiends
  23 Tzitzimimeh
  3 iron giants (Dis:7)
  Zenata (Elf:3)
  A shard shrike zombie (Crypt:2)
  28 tainted leviathans
  8 hellephants
  4 electric golems
  A walking crystal tome (Depths:3)
  16 Hell Sentinels
  Mlioglotl (Snake:4)
  Jorgrun (Elf:2)
  29 tentacled monstrosities
  Rupert (D:13)
  24 Orb Guardians
  36 Ice Fiends
  14 liches
  Grunn (Zot:4)
  2 walking earthen tomes (Depths:3)
  7 quicksilver dragons
  27 titans
  25 searing wretches
  2 walking divine tomes
  2 quicksilver dragons (shapeshifter)
  2 deep elf blademasters
  4 krakens (Shoals:3)
  8 deep elf master archers
  5 death cobs
  A walking frostbound tome (Depths:3)
  A sphinx (shapeshifter) (Zig:24)
  A thorn hunter (Zig:20)
  20 sphinxes
  8 tentacled starspawn
  28 acid blobs
  26 Executioners
  36 ancient champions
  Roxanne (D:14)
  Kirke (Lair:5)
  10 tengu reavers
  Donald (Elf:1)
  11 shadow dragons
  14 storm dragons
  11 nagarajas
  19 demonspawn warmongers
  11 revenants
  26 fire giants
  19 azure jellies
  12 emperor scorpions
  2 fenstrider witches (Zig:23)
  11 draconian monks
  17 daevas
  9 ghost moths
  3 spectral caustic shrikes
  16 draconian knights
  2 frost giants (shapeshifter) (Zig:24)
  13 iron dragons
  18 narguns
  Aizul (Snake:2)
  12 quicksilver elementals
  A fire giant (shapeshifter) (Zig:16)
  17 draconian shifters
  8 rockslimes
  33 frost giants
  10 draconian scorchers
  6 deep elf sorcerers
  17 ghouls
  64 balrugs
  A caustic shrike zombie (Zig:18)
  15 vault wardens
  3 deep elf elementalists (Elf:3)
  3 juggernaut zombies
  7 curse skulls
  8 shard shrike simulacra
  4 orc warlords
  25 angels (Pan)
  20 ironbound preservers
  12 quicksilver oozes
  39 war gargoyles
  14 demonspawn blood saints
  The ghost of Ytheofip the Cleaver, a journeyman FoFi of Okawaru (D:14)
  15 demonspawn corrupters
  30 apis (Pan)
  A caustic shrike skeleton (Pan)
  32 very ugly things
  A spriggan defender (Depths:4)
  3 draconian stormcallers
  37 stone giants
  24 reapers
  12 ophanim
  6 ironbound thunderhulks (Vaults:3)
  36 cacodemons
  9 deep elf annihilators
  17 green draconians
  15 draconian annihilators
  3 eleionomae
  9 deep elf demonologists
  25 putrid mouths
  18 purple draconians
  14 bennus
  25 vampire knights
  Azrael (D:14)
  14 demonspawn black suns
  A minotaur (Gauntlet)
  26 lorocyprocas
  10 wendigos
  17 white draconians
  10 spark wasps
  21 elemental wellsprings
  6 bunyips
  A dire elephant (shapeshifter) (Zig:24)
  4 halazid warlocks (WizLab)
  15 black draconians
  16 dire elephants
  20 red draconians
  Snorg (D:13)
  8 eidola
  10 iron golems
  21 ettins
  14 yellow draconians
  7 deep elf death magi
  5 fire dragons
  43 green deaths
  9 jiangshi
  An ettin (shapeshifter) (Zig:22)
  26 mummy priests
  2 entropy weavers (Zig:10)
  45 blizzard demons
  The ghost of croobank the Cleaver, a journeyman DsDe of Wu Jian (D:12)
  9 merfolk impalers
  A spectral iron giant (Tar:2)
  24 merfolk javelineers
  9 great orbs of eyes
  3 shambling mangroves (Zig:23)
  8 deep elf high priests
  21 yaktaur captains
  3 spectral spriggans
  A spectral kraken (Tar:7)
  Fannar (Lair:1)
  Erolcha (Orc:2)
  21 hydras
  8 caustic shrike simulacra
  A great orb of eyes (shapeshifter) (Depths:3)
  12 rakshasas
  33 vault guards
  4 ogre magi
  7 hell beasts
  An ice dragon (shapeshifter) (Depths:3)
  A quicksilver dragon skeleton (Abyss:2)
  4 ghost crabs (Zig:23)
  12 salamander tyrants
  3 spriggan skeletons
  A catoblepas (D:15)
  Harold (Orc:1)
  16 centaur warriors
  2 spriggan air magi
  7 stokers
  24 ice dragons
  A jorogumo (Zig:10)
  7 juggernaut simulacra
  7 merfolk avatars
  16 anacondas
  A fenstrider witch skeleton (Pan)
  9 ironbound frosthearts
  3 radroaches
  24 merfolk aquamancers
  A two-headed ogre (shapeshifter) (Zig:24)
  2 Orb Guardian skeletons
  4 death knights
  A radroach (shapeshifter) (Zig:16)
  12 two-headed ogres
  14 satyrs
  3 tengu warriors
  21 dancing weapons
  A spectral stone giant (Tar:2)
  2 alligators
  5 alligator snapping turtles
  4 naga warriors
  55 death scarabs
  7 boulder beetles
  5 death yaks
  11 deep troll shamans
  51 hell hogs
  13 deep troll earth magi
  A spectral storm dragon (Tar:2)
  16 vampire magi
  7 thrashing horrors
  A spectral dire elephant (Tar:5)
  2 spectral nagas
  139 sun demons
  20 naga sharpshooters
  2 orc high priests
  5 shock serpents
  3 titan zombies
  41 soul eaters
  13 deep elf knights
  A shock serpent (shapeshifter) (Depths:2)
  Amaemon (D:9)
  4 spriggan berserkers
  A skyshark (shapeshifter) (Vaults:5)
  26 hell knights
  A spectral minotaur (Tar:2)
  A titan skeleton (Crypt:1)
  6 wretched stars
  5 death drakes
  27 iron trolls
  2 spatial maelstroms
  21 shadow wraiths
  A spectral bunyip (Tar:2)
  Lodul (D:14)
  A fire crab (shapeshifter) (Zig:22)
  5 skysharks
  6 crystal echidnas
  2 golden dragon zombies
  A sea snake (shapeshifter) (Vaults:5)
  15 cherubim
  4 salamander mystics
  52 sixfirhies
  A spark wasp zombie (Hell)
  2 goliath frogs
  2 pharaoh ants
  62 deep trolls
  15 glowing orange brains
  41 skeletal warriors
  An orb spider (shapeshifter) (Vaults:5)
  3 spectral anacondas
  9 flayed ghosts
  3 quicksilver dragon simulacra
  19 sea snakes
  2 orb spiders
  3 deep elf archers
  A storm dragon skeleton (Zig:18)
  A shadow dragon zombie (Hell)
  9 bog bodies
  13 swamp dragons
  16 spriggan simulacra
  An orange crystal statue (Vaults:1)
  3 anaconda zombies
  7 obsidian statues
  4 lindwurms (Vaults:2)
  A spriggan druid (Zig:26)
  Pikel (D:9)
  7 naga ritualists
  29 harpies
  21 shadow demons
  16 deep elf zephyrmancers
  31 phantasmal warriors
  22 ironbound convokers
  An anaconda skeleton (Crypt:2)
  9 orc knights
  15 wizards
  3 bunyip skeletons
  A spectral wolf spider (WizLab)
  19 starcursed masses
  23 deep elf pyromancers
  A human zombie (Crypt:2)
  A wolf spider (shapeshifter) (Vaults:5)
  2 wolf spiders
  2 mana vipers (shapeshifter)
  A steelbarb worm (Zig:20)
  26 cyclopes
  2 frost giant zombies (Hell)
  A fenstrider witch simulacrum (Crypt:2)
  A stone giant zombie (Hell)
  19 salamanders
  An oklob plant (Lair:3)
  3 worldbinders
  16 necromancers
  A sphinx zombie (Hell)
  10 mana vipers
  A manticore (shapeshifter) (Zig:22)
  9 orc sorcerers
  A spectral centaur (Tar:2)
  14 shining eyes
  37 moths of wrath
  A shadow dragon skeleton (Tomb:1)
  A will-o-the-wisp (Zig:23)
  29 ugly things
  31 fauns
  A spectral alligator snapping turtle (Tar:2)
  A moth of wrath (shapeshifter) (Zig:22)
  18 manticores
  3 eyes of devastation
  A shock serpent zombie (Crypt:1)
  3 fire giant zombies
  Joseph (D:7)
  3 titan simulacra
  16 guardian serpents
  A dire elephant zombie (Hell)
  Maurice (D:13)
  7 ice statues
  5 rust devils
  6 elephants
  40 orange demons
  A frost giant skeleton (Crypt:2)
  2 gargoyles
  An emperor scorpion simulacrum (Coc:1)
  77 smoke demons
  10 molten gargoyles
  28 demonic crawlers
  10 merfolk sirens
  32 black mambas
  12 water nymphs
  7 torpor snails
  A white draconian zombie (Crypt:2)
  6 cane toads
  11 vault sentinels
  12 naga magi
  3 catoblepas zombies
  4 apocalypse crabs
  2 centaur skeletons
  11 rime drakes
  9 spectral swamp worms (Tar:7)
  45 hellions
  15 efreet
  4 unseen horrors
  10 komodo dragons
  25 ice devils
  13 freezing wraiths
  3 dire elephant skeletons
  26 tormentors
  A komodo dragon (shapeshifter) (Zig:22)
  A death yak skeleton (Crypt:2)
  A bunyip simulacrum (Coc:2)
  4 tengu conjurers
  3 anaconda simulacra
  5 harpy zombies
  2 redback zombies
  3 iron giant simulacra
  2 golden dragon simulacra
  49 guardian mummies
  13 red devils
  4 spectral harpies
  32 yaktaurs
  36 hellwings
  10 trolls
  A catoblepas skeleton (Crypt:3)
  58 merfolk
  7 ancient zymes
  11 wind drakes
  An iron troll skeleton (Crypt:3)
  A tyrant leech (Zig:23)
  2 hydra zombies (Hell)
  11 polar bears
  A shadow dragon simulacrum (Zig:17)
  2 wolf spider simulacra (D:14)
  4 meliai
  A wind drake (shapeshifter) (Depths:3)
  A tarantella (Vaults:5)
  A harpy skeleton (Tomb:3)
  10 raiju
  An iron dragon simulacrum (Coc:5)
  14 hornets
  23 dream sheep
  A tengu simulacrum (Zig:17)
  An ettin zombie (Hell)
  A boulder beetle zombie (Crypt:3)
  2 slime creatures (shapeshifter)
  12 blink frogs
  15 snapping turtles
  2 hydra skeletons
  6 centaur simulacra
  4 culicivoras
  2 jumping spiders
  A black mamba zombie (Hell)
  143 slime creatures
  An alligator skeleton (Hell)
  7 spriggan zombies
  An air elemental (Elf:2)
  40 flying skulls
  58 ynoxinuls
  2 shadows
  2 spriggans
  5 dire elephant simulacra
  A naga simulacrum (Coc:7)
  3 vampires
  14 ushabtiu
  11 wraiths
  24 water elementals
  25 yaks
  An elf zombie (Vaults:1)
  2 fire bats (Abyss:3)
  6 fire elementals
  9 golden eyes
  29 neqoxecs
  8 wyverns
  4 hogs (Lair:5)
  Eustachio (D:4)
  6 basilisks
  3 redbacks
  A black mamba skeleton (Hell)
  3 vampire mosquitoes (D:14)
  A redback simulacrum (D:14)
  A redback (shapeshifter) (Vaults:5)
  A steam dragon (D:9)
  46 chaos spawn
  49 nagas
  14 wargs
  15 harpy simulacra
  9 minotaur simulacra (IceCv)
  A swamp worm (shapeshifter) (Depths:3)
  A sea snake simulacrum (Hell)
  A glowing shapeshifter zombie (Crypt:3)
  2 naga zombies
  4 floating eyes
  29 hell hounds
  A nameless horror (Elf:3)
  A demonspawn zombie (Crypt:2)
  2 hydra simulacra
  17 water moccasins
  13 black bears
  44 orc warriors
  A meliai simulacrum (D:14)
  8 naga skeletons
  3 ice beasts
  A sky beast (D:8)
  3 ettin simulacra
  A cane toad skeleton (Crypt:2)
  24 small abominations
  A black bear (shapeshifter) (Elf:3)
  A hornet zombie (Crypt:1)
  3 alligator simulacra
  83 large abominations
  A lindwurm zombie (Crypt:3)
  14 centaurs
  26 wolves
  30 ogres
  A swamp dragon skeleton (Crypt:1)
  A lemure (D:9)
  2 kobold brigands
  14 bullfrogs
  4 necrophages
  2 gnoll sergeants
  4 scorpions
  An earth elemental (Elf:1)
  12 deep troll simulacra
  A glowing shapeshifter simulacrum (Zig:17)
  A human skeleton (Vaults:1)
  9 wights (D:8)
  2 hornet simulacra
  11 killer bees
  A lindwurm simulacrum (D:15)
  An electric eel (Lair:4)
  8 howler monkeys
  5 crimson imps (Pan)
  3 lava snakes (Lair:2)
  A quasit (Abyss:2)
  4 centaur zombies
  2 hounds
  9 jellies
  20 orc priests
  2 sleepcaps
  Jessica (D:3)
  2 iguanas
  24 orc wizards
  6 hell rats (Hell)
  A killer bee zombie (Crypt:2)
  A sky beast zombie (Crypt:1)
  A boggart simulacrum (Gauntlet)
  59 mummies
  10 gnolls
  4 adders
  2 white imps (Abyss:3)
  3 ufetubi
  2 worms
  2 dart slugs
  78 orcs
  7 ball pythons
  5 endoplasms
  7 giant cockroaches
  A gnoll zombie (Crypt:1)
  7 hobgoblins
  6 jackals
  5 quokkas
  2 bats
  4 frilled lizards
  2 gnoll skeletons
  14 goblins
  5 kobolds
  4 rats
  10 ball lightnings
  6 creeping infernos
  36 fire vortices
  A fulminant prism (Orc:1)
  2 lurking horrors (Abyss:3)
  6 starspawn tentacles
  8 tentacles (Shoals:3)
5699 creatures vanquished.

Vanquished Creatures (collateral kills)
  2 royal mummies
  2 Killer Klowns (Zig:24)
  2 golden dragons
  A caustic shrike (Dis:5)
  A profane servitor (Zig:15)
  2 tentacled monstrosities (Zig:20)
  An Ice Fiend (Coc:7)
  2 Orb Guardians (Zot:5)
  4 acid blobs
  An Executioner (Pan)
  A shadow dragon (Depths:3)
  A nagaraja (Zig:20)
  2 tengu reavers
  A revenant (Zig:15)
  A fenstrider witch (Zig:20)
  A rockslime (Slime:5)
  A draconian knight (Zig:27)
  An emperor scorpion (Zig:26)
  A draconian scorcher (Zot:1)
  2 frost giants
  2 vault wardens
  A caustic shrike zombie (WizLab)
  3 draconian stormcallers
  A draconian shifter (Zot:1)
  2 angels (Pan)
  A draconian annihilator (Zig:27)
  A cacodemon (Pan)
  A reaper (Pan)
  2 war gargoyles
  2 very ugly things
  4 stone giants
  An ironbound preserver (Vaults:5)
  2 ophanim (Pan)
  A black draconian (Zot:4)
  A putrid mouth (Tar:7)
  2 apis (Pan)
  A dire elephant (Vaults:3)
  A demonspawn black sun (Pan)
  2 white draconians (Zot:5)
  A bunyip (Zig:26)
  3 purple draconians
  A starcursed mass (Abyss:3)
  A yellow draconian (Zot:4)
  A green death (Zig:23)
  3 merfolk javelineers
  An iron golem (Dis:5)
  An ettin (Depths:2)
  2 merfolk impalers
  A jiangshi (Depths:2)
  A rakshasa (Depths:2)
  A hydra (Zig:20)
  A caustic shrike simulacrum (Coc:7)
  A spriggan skeleton (Zig:18)
  An alligator (Zig:23)
  2 spriggan air magi
  A merfolk aquamancer (Zig:26)
  2 two-headed ogres (Zot:1)
  4 death scarabs
  2 deep troll shamans (Depths:2)
  3 deep troll earth magi
  A spriggan berserker (Depths:1)
  A soul eater (Depths:2)
  A hell knight (Vaults:3)
  2 sixfirhies (Pan)
  A golden dragon zombie (Zig:18)
  2 iron trolls
  A skeletal warrior (Crypt:3)
  A spriggan druid (Zig:20)
  4 deep trolls
  A death drake (Zig:23)
  A shadow demon (Pan)
  A phantasmal warrior (Crypt:3)
  A harpy (Zig:7)
  A frost giant zombie (Hell)
  An ugly thing (Depths:2)
  A manticore (Zig:21)
  A demonic crawler (Zig:20)
  A moth of wrath (Zot:4)
  A smoke demon (Pan)
  A merfolk siren (Zig:21)
  11 slime creatures
  3 orange demons (Pan)
  An eye of devastation (Slime:5)
  2 spectral swamp worms (Tar:7)
  2 hellions
  2 guardian mummies
  An alligator skeleton (Hell)
  An ettin skeleton (Tomb:3)
  2 water elementals (Zig:21)
  A minotaur simulacrum (IceCv)
  A harpy simulacrum (Hell)
  A warg (Zig:11)
  3 small abominations (Abyss:4)
  An orc warrior (Zig:11)
  An ice beast (Zig:17)
  18 mummies
  A starspawn tentacle (Abyss:3)
172 creatures vanquished.

Vanquished Creatures (others)
  Cerebov (Pan)
  2 pandemonium lords
  2 Killer Klowns
  An iron giant (shapeshifter) (Zig:16)
  A frost giant (shapeshifter) (Zig:24)
  A cacodemon (Zig:24)
  A demonspawn blood saint (Zig:12)
  A caustic shrike simulacrum (Coc:6)
  A merfolk aquamancer (Zig:20)
  A deep troll shaman (Depths:2)
  A sixfirhy (Pan)
  A sun demon (Pan)
  An ugly thing (Zig:24)
  2 apocalypse crabs (Zig:16)
  A smoke demon (Pan)
  An unseen horror (shapeshifter) (Zig:16)
  2 bloated husks
  A polar bear (shapeshifter) (Zig:24)
  A hornet (shapeshifter) (Zig:24)
  A flying skull (WizLab)
  A human (Lair:5)
  A large abomination (Pan)
  3 chaos spawn
  A water moccasin (Lair:5)
  A floating eye (Depths:1)
  2 orc wizards
  10 ball lightnings
  1989 fire vortices
  2 foxfires (Zig:23)
  270 fulminant prisms
  7 starspawn tentacles
  17 tentacles
2328 creatures vanquished.

Grand Total: 8199 creatures vanquished

Notes
Turn   | Place    | Note
-------+----------+-------------------------------------------
     0 | D:1      | ryak the Draconian Conjurer began the quest for the Orb.
     0 | D:1      | Reached XP level 1. HP: 14/14 MP: 3/3
   520 | D:1      | Reached skill level 1 in Fighting
   520 | D:1      | Reached XP level 2. HP: 23/23 MP: 1/5
   523 | D:1      | Learned a level 2 spell: Searing Ray
  1195 | D:2      | Reached XP level 3. HP: 26/29 MP: 1/6
  1805 | D:2      | Reached XP level 4. HP: 36/36 MP: 3/7
  2197 | D:3      | Found a radiant altar of Vehumet.
  2209 | D:3      | Became a worshipper of Vehumet
  2623 | D:3      | Noticed Jessica
  2653 | D:3      | Killed Jessica
  2654 | D:3      | Reached XP level 5. HP: 45/45 MP: 0/8
  2781 | D:3      | Reached skill level 5 in Conjurations
  2808 | D:3      | Identified the +6 hand axe "Neg Zekk" {freeze, rF- Int+8
                  | Dex+2}
  3488 | D:4      | Noticed Eustachio
  3517 | D:4      | Killed Eustachio
  3517 | D:4      | Reached * piety under Vehumet
  3517 | D:4      | Offered knowledge of Freeze by Vehumet.
  3518 | D:4      | Reached XP level 6. HP: 43/51 MP: 2/9
  4360 | D:4      | Identified the +8 short sword "Ycyg Qoecizy" {freeze, Int+3
                  | Dex+4}
  4478 | D:4      | Found a glowing golden altar of the Shining One.
  4478 | D:4      | Found a broken altar of Ashenzari.
  4545 | D:5      | Entered Level 5 of the Dungeon
  4572 | D:5      | Reached skill level 1 in Short Blades
  4632 | D:5      | Your scales start taking on a lurid green colour.
  4632 | D:5      | Reached XP level 7. HP: 57/57 MP: 4/10
  4632 | D:5      | Gained mutation: Your system is resistant to poisons.
                  | (rPois) [Green Draconian growth]
  5038 | D:5      | Found a bloodstained altar of Trog.
  5055 | D:5      | Reached ** piety under Vehumet
  5055 | D:5      | Offered knowledge of Shock by Vehumet.
  5395 | D:5      | Reached XP level 8. HP: 65/66 MP: 11/11
  5399 | D:5      | Learned a level 3 spell: Dazzling Flash
  6318 | D:6      | Found a staircase to the Ecumenical Temple.
  6802 | D:7      | Noticed a hornet
  6817 | D:7      | Killed a hornet
  6818 | D:7      | Reached skill level 5 in Short Blades
  6924 | D:7      | Found an ornate altar of the Wu Jian Council.
  6968 | D:7      | Found a large runed translucent door.
  7023 | D:7      | Noticed a manticore
  7024 | D:7      | Found a large runed translucent door.
  7029 | D:7      | Found a large runed translucent door.
  7029 | D:7      | Found a large runed translucent door.
  7175 | D:7      | Offered knowledge of Volatile Blastmotes by Vehumet.
  7242 | D:7      | Reached XP level 9. HP: 71/71 MP: 6/12
  7301 | D:7      | Noticed Joseph
  7315 | D:7      | Killed Joseph
  7316 | D:7      | Reached skill level 10 in Conjurations
  7435 | D:7      | Identified a scroll of acquirement
  7436 | D:7      | Acquired the +2 pair of gloves of Kikubaaqudgha's Wrath
                  | {Str+3 Int+4}
  7533 | D:7      | Reached *** piety under Vehumet
  7866 | D:7      | Noticed a gargoyle
  7880 | D:7      | Killed a gargoyle
  8121 | D:7      | Got the Grimoire of Nasty Ouranomancy
  8158 | D:7      | Killed a manticore
  8571 | D:7      | Learned a level 4 spell: Fulminant Prism
  8574 | D:7      | Learned a level 2 spell: Blink
  8610 | D:8      | Reached XP level 10. HP: 62/78 MP: 13/13
  8908 | D:8      | Offered knowledge of Flame Wave by Vehumet.
  9525 | D:8      | Reached **** piety under Vehumet
  9908 | D:9      | Offered knowledge of Irradiate by Vehumet.
  9915 | D:9      | Learned a level 5 spell: Irradiate
  9926 | D:9      | Found a flagged portal.
  9939 | Bailey   | Entered a bailey
 10325 | Bailey   | Noticed an orc knight
 10438 | Bailey   | Reached skill level 5 in Spellcasting
 10527 | Bailey   | Noticed an orc knight
 10553 | Bailey   | Killed an orc knight
 10679 | Bailey   | Acquired a staff of conjuration
 10706 | Bailey   | Killed an orc knight
 10789 | D:9      | Reached XP level 11. HP: 75/84 MP: 20/20
 11150 | D:9      | Noticed Amaemon
 11165 | D:9      | Killed Amaemon
 11166 | D:9      | Reached skill level 1 in Staves
 11166 | D:9      | Reached skill level 1 in Evocations
 11382 | D:9      | Found Uriuzin's General Store.
 11390 | D:9      | Bought a potion of curing for 39 gold pieces
 11390 | D:9      | Bought 2 potions of haste for 260 gold pieces
 11390 | D:9      | Bought a wand of acid (4) for 218 gold pieces
 11593 | D:10     | Entered Level 10 of the Dungeon
 11597 | D:10     | Noticed a two-headed ogre
 11604 | D:10     | Killed a two-headed ogre
 11648 | D:10     | Reached ***** piety under Vehumet
 11676 | D:10     | Offered knowledge of Iron Shot by Vehumet.
 12091 | D:10     | Found a staircase to the Lair.
 12189 | D:10     | Learned a level 6 spell: Iron Shot
 12211 | D:10     | Noticed a two-headed ogre
 12228 | D:10     | Killed a two-headed ogre
 12682 | D:11     | Noticed a boulder beetle
 12693 | D:11     | Killed a boulder beetle
 13069 | D:11     | Noticed a two-headed ogre
 13073 | D:11     | Killed a two-headed ogre
 13526 | D:12     | Noticed a deep elf pyromancer
 13532 | D:12     | Killed a deep elf pyromancer
 13532 | D:12     | Noticed a deep elf pyromancer
 13628 | D:12     | Killed a deep elf pyromancer
 13629 | D:12     | Reached XP level 12. HP: 46/91 MP: 22/24
 13791 | D:12     | Reached skill level 1 in Shields
 14249 | D:12     | Learned a level 7 spell: Orb of Destruction
 14297 | D:12     | Found a runed translucent door.
 14298 | D:12     | Noticed a boulder beetle
 14298 | D:12     | Noticed croobank's ghost (journeyman DsDe)
 14474 | D:12     | Found a staircase to the Orcish Mines.
 14566 | Orc:1    | Entered Level 1 of the Orcish Mines
 14774 | Orc:1    | Noticed an orc high priest
 14792 | Orc:1    | Killed an orc high priest
 14793 | Orc:1    | Reached skill level 15 in Conjurations
 14793 | Orc:1    | Reached skill level 1 in Translocations
 14795 | Orc:1    | Reached skill level 5 in Staves
 14795 | Orc:1    | Reached skill level 5 in Evocations
 15052 | Orc:1    | Noticed Harold
 15055 | Orc:1    | Killed Harold
 15245 | Orc:2    | Entered Level 2 of the Orcish Mines
 15392 | Orc:2    | Offered knowledge of Freezing Cloud by Vehumet.
 15662 | Orc:2    | Noticed an ogre mage
 15773 | Orc:2    | Killed an ogre mage
 15856 | Orc:2    | Reached skill level 5 in Fighting
 15935 | Orc:2    | Found Disip's Jewellery Emporium.
 15949 | Orc:2    | Bought the ring of the Howling Pariah {rF++ MP+9 Int+2
                  | Slay-3} for 469 gold pieces
 16016 | Orc:2    | Found a radiant altar of Vehumet.
 16018 | Orc:2    | Noticed Erolcha
 16022 | Orc:2    | Killed Erolcha
 16214 | Orc:2    | Noticed an ogre mage
 16265 | Orc:2    | Killed an ogre mage
 16276 | Orc:2    | Found Extesuip's Antique Weapon Emporium.
 16280 | Orc:2    | Found an ancient bone altar of Kikubaaqudgha.
 16296 | Orc:2    | Found Fifaq's Distillery.
 16303 | Orc:2    | Found Perph's Jewellery Shoppe.
 16440 | Orc:2    | Found a staircase to the Elven Halls.
 16916 | Lair:1   | Entered Level 1 of the Lair of Beasts
 16947 | Lair:1   | Identified the +9 dagger of Peril {flame, rC+ Str+3 Int+3
                  | Dex-3}
 16997 | Lair:1   | Reached XP level 13. HP: 67/101 MP: 7/26
 17147 | Lair:1   | Reached skill level 5 in Shields
 17179 | Lair:1   | Noticed Fannar
 17222 | Lair:1   | Identified the +0 scale mail "Soor" {rN+ Str+3 Dex+2}
 17534 | Lair:1   | Killed Fannar
 18103 | Lair:2   | You fall into a shaft and drop 2 floors!
 18332 | Lair:4   | Reached skill level 10 in Spellcasting
 19306 | Lair:3   | Learned a level 5 spell: Freezing Cloud
 20134 | Lair:2   | Found a staircase to the Shoals.
 20410 | Lair:2   | Found a staircase to the Snake Pit.
 21175 | Lair:5   | Entered Level 5 of the Lair of Beasts
 21175 | Lair:5   | Noticed Kirke
 21188 | Lair:5   | Killed Kirke
 21302 | Lair:5   | Gained mutation: Your tail ends in a venomous barb. [Green
                  | Draconian growth]
 21302 | Lair:5   | Reached XP level 14. HP: 102/111 MP: 24/29
 21799 | Lair:5   | Offered knowledge of Lee's Rapid Deconstruction by Vehumet.
 22319 | Lair:5   | Found a staircase to the Slime Pits.
 22320 | Lair:5   | Found a viscous altar of Jiyva.
 22854 | Lair:5   | Reached skill level 5 in Dodging
 23506 | Lair:5   | Found a snail-covered altar of Cheibriados.
 23887 | D:13     | Found a gate leading to a gauntlet.
 23892 | Gauntlet | Entered a Gauntlet
 23892 | Gauntlet | Found a transporter.
 23902 | Gauntlet | Found a transporter.
 23917 | Gauntlet | Found a transporter.
 23922 | Gauntlet | Found a transporter.
 23943 | Gauntlet | Found a transporter.
 23956 | Gauntlet | Found a transporter.
 23966 | Gauntlet | Noticed a cacodemon
 23968 | Gauntlet | Found a transporter.
 23974 | Gauntlet | Found a transporter.
 23989 | Gauntlet | Found a transporter.
 24001 | Gauntlet | Found a transporter.
 24013 | Gauntlet | Found a transporter.
 24032 | Gauntlet | Found a transporter.
 24047 | Gauntlet | Found a transporter.
 24049 | Gauntlet | Found a transporter.
 24074 | Gauntlet | Found a transporter.
 24118 | Gauntlet | Found a transporter.
 24120 | Gauntlet | Found a transporter.
 24128 | Gauntlet | Found a transporter.
 24214 | Gauntlet | Identified the +3 falchion of Bloodstone {flame, *Noise
                  | +Blink rPois Will++}
 24327 | Gauntlet | Identified the +1 plate armour "Epsesam" {rC- rCorr Int+3
                  | Dex+3}
 24449 | D:13     | Noticed Rupert
 24452 | D:13     | Paralysed by Rupert for 3 turns
 24456 | D:13     | Killed Rupert
 24704 | D:13     | Noticed Snorg
 24708 | D:13     | Killed Snorg
 24708 | D:13     | Noticed Maurice
 24980 | D:13     | Killed Maurice
 25320 | D:14     | Noticed Lodul
 25487 | D:14     | Noticed Roxanne
 25529 | D:14     | Killed Roxanne
 25769 | D:14     | Reached XP level 15. HP: 123/123 MP: 31/31
 25899 | D:14     | Killed Lodul
 26042 | D:14     | Noticed Azrael
 26098 | D:14     | Killed Azrael
 26099 | D:14     | Offered knowledge of Conjure Ball Lightning by Vehumet.
 26326 | D:14     | Found a gate to the Vaults.
 26519 | D:14     | Found a runed translucent gate.
 26520 | D:14     | Found a runed translucent gate.
 26521 | D:14     | Found a runed translucent gate.
 26708 | D:14     | Noticed Ytheofip's ghost (journeyman FoFi)
 27032 | Snake:1  | Entered Level 1 of the Snake Pit
 27501 | Snake:1  | Reached skill level 10 in Shields
 28777 | Snake:2  | Noticed Aizul
 28783 | Snake:2  | Killed Aizul
 28859 | Snake:2  | Reached skill level 1 in Summonings
 30355 | Snake:3  | Reached XP level 16. HP: 114/132 MP: 28/33
 30688 | Snake:3  | Offered knowledge of Arcjolt by Vehumet.
 31072 | Snake:3  | Noticed Vashnia
 31123 | Snake:3  | Killed Vashnia
 32165 | Snake:4  | Entered Level 4 of the Snake Pit
 32171 | Snake:4  | Found Dolimuid's Jewellery Boutique.
 32332 | Snake:4  | Found Idghiemn's Weapon Shop.
 32332 | Snake:4  | Found Sebbar's General Store.
 32354 | Snake:4  | Found Besoynty's Distillery.
 32368 | Snake:4  | Found Xaetteif's Magic Scroll Boutique.
 32373 | Snake:4  | Found Wonawkarghu's Assorted Antiques.
 32412 | Snake:4  | Found Upuaplet's Book Boutique.
 32412 | Snake:4  | Found Giapnieg's Armour Shop.
 32417 | Snake:4  | Found Atacro's Assorted Antiques.
 32429 | Snake:4  | Bought a potion of haste for 310 gold pieces
 32496 | Snake:4  | Bought a scroll of enchant armour for 157 gold pieces
 32558 | Snake:4  | Identified the +5 mace "Jiyruuj" {spect, rElec Str+2 Int+2}
 32560 | Snake:4  | Noticed Mlioglotl
 32567 | Snake:4  | Killed Mlioglotl
 32843 | Snake:4  | Reached skill level 10 in Evocations
 33181 | Snake:4  | Offered knowledge of Eringya's Noxious Bog by Vehumet.
 33337 | Snake:4  | Found Jugonter's Antique Weapon Boutique.
 33792 | Snake:4  | Got a serpentine rune of Zot
 33984 | Shoals:1 | Entered Level 1 of the Shoals
 35004 | D:10     | Identified the ring "Tyng" {rPois MP+9 Str+3 Int-5}
 35028 | D:10     | Identified the ring "Rostrobi" {Ice Will+++ Str+3 Int+3
                  | Dex-5}
 35135 | Shoals:1 | Reached XP level 17. HP: 105/139 MP: 16/34
 35426 | Shoals:2 | Reached skill level 10 in Fighting
 36192 | Shoals:2 | Identified the +9 ring mail of the Morning Star {rPois
                  | Regen+ Dex+4 Slay-2}
 36363 | Shoals:2 | Reached ****** piety under Vehumet
 36696 | Shoals:3 | Found a runed translucent gate.
 36696 | Shoals:3 | Found a runed translucent gate.
 36696 | Shoals:3 | Found a runed translucent gate.
 36706 | Shoals:3 | Offered knowledge of Maxwell's Capacitive Coupling by
                  | Vehumet.
 36871 | Shoals:3 | Noticed a kraken
 36876 | Shoals:3 | Killed a kraken
 36957 | Shoals:3 | Found Hoabbom's Distillery.
 36960 | Shoals:3 | Bought a potion of haste for 150 gold pieces
 36960 | Shoals:3 | Bought 2 potions of ambrosia for 240 gold pieces
 37477 | Shoals:3 | Noticed a kraken
 37484 | Shoals:3 | Killed a kraken
 37676 | Shoals:3 | Noticed Qidumn's ghost (adept MiFi)
 37676 | Shoals:3 | Noticed Qatuad's ghost (adept GnFi)
 37676 | Shoals:3 | Noticed Aral's ghost (adept MiBe)
 37988 | D:12     | Killed croobank's ghost
 38121 | D:15     | Entered Level 15 of the Dungeon
 38191 | D:15     | Found a frozen archway.
 38325 | IceCv    | Entered an ice cave
 38630 | IceCv    | Identified the +2 trident of the Enemy {heavy, *Noise Will+
                  | Str+9}
 38894 | IceCv    | Offered knowledge of Lehudib's Crystal Spear by Vehumet.
 38894 | IceCv    | Offered knowledge of Fire Storm by Vehumet.
 38894 | IceCv    | Offered knowledge of Polar Vortex by Vehumet.
 39374 | IceCv    | Reached skill level 1 in Fire Magic
 39924 | IceCv    | Got The Hermit's Heritage Continued
 39927 | IceCv    | Got the Octavo of Fascination and Momentum
 40632 | D:15     | Found a staircase to the Depths.
 41023 | D:14     | Killed Ytheofip's ghost
 41229 | D:14     | Identified the amulet of Teskiz {Reflect Regen+ Str+3 SH+5
                  | Stlth+}
 41243 | D:14     | Got the ring "Roecikiwn" {Fire Str-4 Dex+5}
 41495 | Shoals:4 | Entered Level 4 of the Shoals
 41604 | Shoals:4 | Reached XP level 18. HP: 151/151 MP: 21/35
 41617 | Shoals:3 | Found the -2 hat of the Alchemist {rElec rPois rF+ rC+ rN+
                  | Will+ rMut rCorr}
 41617 | Shoals:3 | Found a runed translucent door.
 41906 | Shoals:4 | Reached skill level 10 in Dodging
 42544 | Shoals:4 | Got a barnacled rune of Zot
 42564 | Shoals:4 | Identified the +8 dire flail "Beast's Death Toll" {venom,
                  | rF- Will+ Int+3 Stlth+}
 42590 | Shoals:4 | Found a transporter.
 42590 | Shoals:4 | Found Vipros Asme's Book Shop.
 42656 | Shoals:4 | Found a transporter.
 42663 | Shoals:4 | Bought a book of Power for 630 gold pieces
 42829 | Shoals:4 | Got the Lectures on the Fifth Circle
 43028 | Shoals:4 | Identified the amulet of Veluirin {Faith rF++ rC+}
 43770 | Shoals:3 | Reached skill level 5 in Fire Magic
 43945 | Shoals:3 | Identified the staff of conjuration "Cuipiplyon" {Will+
                  | Stlth+}
 44259 | Depths:1 | Entered Level 1 of the Depths
 44276 | Depths:1 | Found a magical portal.
 44301 | WizLab   | Entered Borgnjor's Mausoleum
 45457 | WizLab   | Got the Notes on Malignant Ceremonies
 46018 | Depths:1 | Reached XP level 19. HP: 160/160 MP: 37/37
 46171 | Depths:1 | Paralysed by a floating eye for 3 turns
 47807 | Depths:1 | Found a gateway to Hell.
 47851 | Depths:1 | Reached skill level 10 in Fire Magic
 48520 | Depths:1 | Learned a level 2 spell: Sublimation of Blood
 48577 | Depths:1 | Found a corrupted altar of Lugonu.
 48577 | Depths:1 | Found a one-way gate to the infinite horrors of the Abyss.
 48906 | Depths:2 | Learned a level 5 spell: Iskenderun's Battlesphere
 48915 | Depths:2 | Learned a level 7 spell: Spellforged Servitor
 50146 | Depths:2 | Found Saboavv Imuu's Magic Scroll Emporium.
 50151 | Depths:2 | Reached XP level 20. HP: 170/170 MP: 36/38
 50194 | Depths:2 | Bought a scroll of blinking for 90 gold pieces
 50194 | Depths:2 | Bought a scroll of teleportation for 36 gold pieces
 50194 | Depths:2 | Bought a scroll of teleportation for 36 gold pieces
 50314 | Depths:2 | Found a one-way gate leading to the halls of Pandemonium.
 51408 | Depths:2 | Noticed a juggernaut
 51424 | Depths:2 | Killed a juggernaut
 51729 | Depths:2 | Noticed a caustic shrike
 51734 | Depths:2 | Killed a caustic shrike
 51995 | Depths:2 | Noticed a caustic shrike
 51999 | Depths:2 | Killed a caustic shrike
 52123 | Depths:3 | Found a portal to a secret trove of treasure.
 52181 | Depths:3 | You paid a toll of 4 scrolls of fear to enter a treasure
                  | trove
 52182 | Trove    | Entered a treasure trove
 52199 | Trove    | Identified the ring "Bofalot" {Will+ Str+2}
 52263 | Depths:3 | Found a sacrificial altar of Ru.
 52307 | Depths:3 | Reached skill level 1 in Necromancy
 52319 | Depths:3 | Found a one-way gateway to a ziggurat.
 52468 | Depths:3 | Noticed a juggernaut
 52479 | Depths:3 | Killed a juggernaut
 52727 | Depths:3 | Noticed a juggernaut
 52736 | Depths:3 | Killed a juggernaut
 52765 | Depths:3 | Noticed a juggernaut
 52897 | Depths:3 | Killed a juggernaut
 53496 | Depths:3 | Noticed a juggernaut
 53525 | Depths:3 | Reached XP level 21. HP: 133/180 MP: 35/39
 53552 | Depths:3 | Killed a juggernaut
 54317 | Depths:3 | Found a one-way gateway to a ziggurat.
 54427 | Depths:3 | Found a sacrificial altar of Ru.
 54890 | Depths:4 | Entered Level 4 of the Depths
 55037 | Depths:4 | Found a gate to the Realm of Zot.
 55413 | Depths:4 | Reached skill level 5 in Necromancy
 55537 | Depths:4 | Noticed a juggernaut
 55769 | Depths:4 | Found a sparkling altar of Nemelex Xobeh.
 56001 | Depths:4 | Killed a juggernaut
 56844 | Depths:4 | Found Nepestro's Book Shoppe.
 56848 | Depths:4 | Found Doacw's Magic Scroll Emporium.
 56850 | Depths:4 | Found Larchahiapp's Armour Shoppe.
 57862 | Elf:1    | Entered Level 1 of the Elven Halls
 58079 | Elf:1    | Noticed Donald
 58083 | Elf:1    | Killed Donald
 58337 | Elf:1    | Got the Tome of Mustering
 59139 | Elf:2    | Paralysed by an air elemental for 1 turns
 59398 | Elf:2    | Noticed Jorgrun
 59406 | Elf:2    | Killed Jorgrun
 59449 | Elf:2    | Found a runed translucent gate.
 59449 | Elf:2    | Found a runed translucent gate.
 59514 | Elf:2    | Found a runed translucent gate.
 59819 | Elf:2    | Reached XP level 22. HP: 191/191 MP: 40/40
 60070 | Elf:2    | Reached skill level 15 in Fighting
 60501 | Elf:3    | Entered Level 3 of the Elven Halls
 60511 | Elf:3    | Noticed Zenata
 60519 | Elf:3    | Killed Zenata
 61978 | Elf:3    | Identified the ring "Offefull" {Ice Will- Str+7 Stlth+}
 61985 | Elf:3    | Identified the +5 spear of Checkmate {flame, rF+}
 61985 | Elf:3    | Identified the +1 leather armour "Qyka" {Harm rElec rC+
                  | Dex+3}
 61985 | Elf:3    | Identified the ring of the Eagle {Fly rN++ Str+3 SInv}
 62185 | Elf:3    | Identified the +5 long sword of the Sixty-Six Knives
                  | {flame, Int+6 SInv Stlth+}
 62185 | Elf:3    | Identified the amulet of Jushroff {Spirit Rampage rElec
                  | Will- Dex+5}
 62214 | Elf:3    | Identified the +7 hand axe of Righteous Fury {elec, rCorr
                  | Str+3 Dex-5}
 62221 | Elf:3    | Identified the +8 scale mail of Arinur {Harm Str+2 Int-5}
 62297 | Elf:3    | Got the Guidebook on the Friendly Wind
 62299 | Elf:3    | Got Kotobr Runo's Thoughts on Anemomancy and the Undead
 62301 | Elf:3    | Identified the +2 shortbow "Utaukedd" {flame, rF++ Int+4}
 62309 | Elf:3    | Identified the staff of earth "Zuun Xodere" {rCorr}
 62318 | Elf:3    | Got the Secrets of the Pyre
 62319 | Elf:3    | Identified the +2 scimitar of Dim Light {heavy, *Corrode
                  | Dex+4 Stlth+}
 62575 | Vaults:1 | Entered Level 1 of the Vaults
 63133 | Vaults:1 | Noticed Saint Roka
 63144 | Vaults:1 | Killed Saint Roka
 63334 | Vaults:1 | Found Dacsoukk's Assorted Antiques.
 63344 | Vaults:1 | Bought a potion of heal wounds for 170 gold pieces
 64398 | Vaults:1 | You fall into a shaft and drop 1 floor!
 64639 | Vaults:2 | Reached skill level 15 in Spellcasting
 64692 | Vaults:2 | Reached skill level 15 in Fire Magic
 64801 | Vaults:2 | Found a staircase to the Crypt.
 66674 | Vaults:3 | Reached XP level 23. HP: 199/199 MP: 42/42
 67956 | Vaults:3 | Identified the +8 falchion "Roihafeu" {distort, rC+ Int+3
                  | Dex+3}
 68197 | Vaults:4 | Found Kaavuit's Magic Scroll Emporium.
 68205 | Vaults:4 | Bought a scroll of teleportation for 39 gold pieces
 69014 | Vaults:4 | Found Bialod's Assorted Antiques.
 69153 | Vaults:4 | Found Juec's Armour Shop.
 69417 | Vaults:4 | Found Ikathil's Armour Shop.
 69685 | Crypt:1  | Entered Level 1 of the Crypt
 69928 | Crypt:1  | Noticed Margery
 69932 | Crypt:1  | Killed Margery
 72181 | Crypt:2  | Found a basalt altar of Yredelemnul.
 72547 | Crypt:2  | Learned a level 9 spell: Fire Storm
 72710 | Crypt:2  | Reached XP level 24. HP: 209/210 MP: 43/43
 72985 | Crypt:3  | Entered Level 3 of the Crypt
 73213 | Crypt:3  | Found a staircase to the Tomb.
 73213 | Crypt:3  | Identified the +3 leather armour of Uvoid {-Cast Harm
                  | Regen+}
 74556 | Crypt:3  | Found an ancient bone altar of Kikubaaqudgha.
 74973 | Crypt:3  | Identified the +3 lajatang "Death Rattle" {pain, *Corrode
                  | rElec rPois rF-}
 74973 | Crypt:3  | Noticed Jory
 75057 | Crypt:3  | Killed Jory
 75115 | Crypt:3  | Identified the +2 long sword "Paphi" {flame, Str+3 Int+2}
 75119 | Crypt:3  | Got the Papyrus of the Graveyard
 75120 | Crypt:3  | Identified the staff of fire "Food Dal" {rF+ Dex+6}
 75479 | Slime:1  | Entered Level 1 of the Pits of Slime
 78057 | Slime:5  | Entered Level 5 of the Pits of Slime
 78293 | Slime:5  | Noticed the Royal Jelly
 78298 | Slime:5  | Killed the Royal Jelly
 78299 | Slime:5  | Reached XP level 25. HP: 218/218 MP: 44/44
 78437 | Slime:5  | Identified the +5 quarterstaff of Tohylusk {elec, MP+9
                  | Str+5}
 78458 | Slime:5  | Identified the +4 falchion "Dragonbane" {venom, Contam
                  | rElec rF+ Int+2}
 78498 | Slime:5  | Got the Spellbook of Blasphemous Words and Vicissitude
 78520 | Slime:5  | Identified the +3 leather armour "Tuwionua" {rN+ Str+3
                  | Int-5}
 78545 | Slime:5  | Got a slimy rune of Zot
 79018 | Depths:1 | Voluntarily entered the Abyss.
 79092 | Abyss:2  | Found a corrupted altar of Lugonu.
 79515 | Abyss:3  | Identified the +0 chain mail of Heresy {Str+2 Int+6}
 79518 | Abyss:3  | Found a corrupted altar of Lugonu.
 79672 | Abyss:3  | Noticed a dread lich
 79677 | Abyss:3  | Killed a dread lich
 80067 | Abyss:4  | Found a corrupted altar of Lugonu.
 80108 | Abyss:4  | Found a corrupted altar of Lugonu.
 80128 | Abyss:4  | Noticed an ancient lich
 80130 | Abyss:4  | Killed an ancient lich
 80245 | Abyss:4  | Got an abyssal rune of Zot
 80264 | Depths:1 | Escaped the Abyss
 80487 | Vaults:5 | Entered Level 5 of the Vaults
 80499 | Vaults:5 | Noticed an ancient lich
 80502 | Vaults:5 | Killed an ancient lich
 80512 | Vaults:5 | Reached XP level 26. HP: 192/231 MP: 44/44
 80521 | Vaults:5 | Reached skill level 10 in Necromancy
 80539 | Vaults:5 | Reached skill level 27 in Conjurations
 80544 | Vaults:5 | Noticed an ancient lich
 80547 | Vaults:5 | Killed an ancient lich
 80562 | Vaults:5 | Noticed a dread lich
 80566 | Vaults:5 | Killed a dread lich
 80644 | Vaults:5 | Identified the ring "Juzxumn" {rN++ MP+9 Dex+3 Stlth-}
 80774 | Vaults:5 | Identified the ring "Gidaqinud" {rF- rN+ Will+ rCorr}
 81450 | Vaults:5 | Identified the staff of death "Ikaixkole" {rC+ rN+}
 81453 | Vaults:5 | Identified the staff of air "Soit" {+Blink rElec rF- rN+
                  | Int+3}
 81455 | Vaults:5 | Got a silver rune of Zot
 81467 | Vaults:5 | Identified the staff of cold "Okagog Kaip" {rC+ rCorr MP+9
                  | Dex+2}
 81586 | Vaults:5 | Identified the staff of air "Bygomn" {rElec rF+ Stlth+}
 81795 | Vaults:5 | Identified the staff of earth "Tanuas" {rPois Int+4 Dex-3}
 81854 | Vaults:5 | Identified the +2 halberd of Fae Gallantry {flame, rF+
                  | Int+5 Dex-5}
 82052 | Vaults:5 | Identified the +6 great mace "Beneugoa" {pain, rN++ Str+4}
 82353 | Zot:1    | Entered Level 1 of the Realm of Zot
 82656 | Zot:1    | Gained mutation: Your body sometimes deteriorates upon
                  | taking damage. [mutagenic glow]
 82996 | Zot:1    | Reached XP level 27. HP: 189/248 MP: 40/44
 83569 | Zot:1    | Found the +4 dragonskin cloak
 83569 | Zot:1    | Noticed Tiamat
 83578 | Zot:1    | Killed Tiamat
 84409 | Zot:2    | Found the +2 cloak of the Thief {*Fog Slay-2 SInv Stlth+}
 84419 | Zot:2    | Found a transporter.
 84507 | Zot:2    | Found a transporter.
 84793 | Zot:2    | Identified the ring "Uweczota" {Wiz Str+2 Int+3}
 84798 | Zot:2    | Identified the staff of earth "Plog" {Fly rF- Dex+4}
 85320 | Zot:3    | Found a runed translucent door.
 85326 | Zot:3    | Noticed Cyqimiab's ghost (legendary MfGl)
 85517 | Zot:3    | Identified the +6 flail of Tiserot {flame, rElec rCorr}
 85986 | Zot:3    | Killed Cyqimiab's ghost
 86131 | Zot:4    | Noticed Grunn
 86375 | Zot:4    | Found Wotif's CLEARANCE SALE!.
 86404 | Zot:4    | Bought a potion of ambrosia for 8 gold pieces
 86565 | Zot:4    | Killed Grunn
 86860 | Zot:4    | Noticed an orb of fire
 86869 | Zot:4    | Killed an orb of fire
 86870 | Zot:4    | Reached skill level 10 in Staves
 87844 | Hell     | Entered the Vestibule of Hell
 87844 | Hell     | Noticed Geryon
 87846 | Hell     | Reached skill level 15 in Necromancy
 87849 | Hell     | Killed Geryon
 87850 | Hell     | Reached skill level 15 in Evocations
 87866 | Hell     | Noticed an ancient lich
 88003 | Depths:4 | Learned a level 8 spell: Borgnjor's Revivification
 88006 | Hell     | Killed an ancient lich
 88209 | Hell     | Found a gateway to the Iron City of Dis.
 88395 | Hell     | Found a gateway to the ashen valley of Gehenna.
 88458 | Hell     | Found a gateway to the decaying netherworld of Tartarus.
 88527 | Hell     | Found a gateway to the freezing wastes of Cocytus.
 88774 | Pan      | Entered Pandemonium
 88774 | Pan      | Found a glowing golden altar of the Shining One.
 88775 | Pan      | Noticed a seraph
 88786 | Pan      | Killed a seraph
 88881 | Pan      | Got a demonic rune of Zot
 88887 | Pan      | Identified the ring of Piuse {Fire rPois MP-9 Int+3 Dex+3}
 88891 | Pan      | Identified the +9 dagger "Zigaixzu" {holy, rF+ rN+ Will+}
 88894 | Pan      | Identified the staff of conjuration "Yluanget" {Str+6}
 88908 | Pan      | Identified the +6 chain mail "Karchirixt" {Will+ Int+6}
 89608 | Pan      | Identified the staff of fire "Zedisoc" {rF+ rC- Dex+3 SInv}
 90301 | Pan      | Found a white marble altar of Elyvilon.
 90720 | Pan      | Found a glowing silver altar of Zin.
 91231 | Pan      | Noticed Imoutuox the pandemonium lord
 91242 | Pan      | Killed Imoutuox the pandemonium lord
 92395 | Pan      | Noticed Poippuno the pandemonium lord
 92530 | Pan      | Noticed Atuy the pandemonium lord
 92532 | Pan      | Killed Atuy the pandemonium lord
 93584 | Pan      | Noticed Acvih the pandemonium lord
 93587 | Pan      | Killed Acvih the pandemonium lord
 93834 | Pan      | Identified the +1 ring mail of Weightlessness {rPois Str+3}
 95284 | Pan      | Found a huge runed translucent gate.
 95285 | Pan      | Found a huge runed translucent gate.
 95286 | Pan      | Found a huge runed translucent gate.
 95287 | Pan      | Found a huge runed translucent gate.
 95288 | Pan      | Found a huge runed translucent gate.
 95290 | Pan      | Found a huge runed translucent gate.
 95291 | Pan      | Found a huge runed translucent gate.
 95302 | Pan      | Noticed Cipocsish the pandemonium lord
 95307 | Pan      | Killed Cipocsish the pandemonium lord
 96218 | Pan      | Noticed Oxuh the pandemonium lord
 96222 | Pan      | Killed Oxuh the pandemonium lord
 96690 | Pan      | Reached skill level 1 in Earth Magic
 96780 | Pan      | Noticed Lon Buoc the pandemonium lord
 96783 | Pan      | Killed Lon Buoc the pandemonium lord
 97625 | Pan      | Noticed Ruoge the pandemonium lord
 97629 | Pan      | Killed Ruoge the pandemonium lord
 98603 | Pan      | Noticed Jomeowko the pandemonium lord
 98607 | Pan      | Killed Jomeowko the pandemonium lord
 98718 | Pan      | Identified the +3 hand axe of the Wicked God {holy, Will+
                  | SInv Stlth+}
 98757 | Pan      | Found an exit through the horrors of the Abyss.
 99268 | Pan      | Identified the amulet "Care" {Faith Rampage rN+ rCorr}
 99272 | Pan      | Entered the realm of Cerebov.
 99278 | Pan      | Reached skill level 5 in Earth Magic
 99354 | Pan      | Learned a level 8 spell: Lehudib's Crystal Spear
 99887 | Pan      | Identified the +3 battleaxe "Kaunku" {flame, Dex+3}
 99918 | Pan      | Identified the +8 spear of the Gnat {freeze, rPois rC+
                  | Int+5}
 99918 | Pan      | Identified the amulet of Wariness {Faith Dex+3}
100086 | Pan      | Found the +6 sword of Cerebov {flame}
100086 | Pan      | Noticed Cerebov
100108 | Pan      | Killed Cerebov
100412 | Pan      | Identified the +2 hat of Donkiumi {+Blink rPois Slay-5
                  | SInv}
100454 | Pan      | Identified the +0 pair of boots "Joc Beal" {rN++ Will+
                  | Slay-3 SInv}
100498 | Pan      | Got a fiery rune of Zot
100553 | Pan      | Entered the realm of Gloorx Vloq.
101209 | Pan      | Noticed Gloorx Vloq
101214 | Pan      | Killed Gloorx Vloq
101272 | Pan      | Got a dark rune of Zot
101692 | Pan      | Found a runed translucent door.
101696 | Pan      | Found a runed translucent door.
101697 | Pan      | Identified the +0 robe of Valour {Fly rF+}
101697 | Pan      | Noticed Etaseenu the pandemonium lord
101699 | Pan      | Found a runed translucent door.
101753 | Pan      | Acquired 1005 gold pieces
101913 | Pan      | Found a runed translucent door.
102562 | Pan      | Killed Etaseenu the pandemonium lord
102589 | Pan      | Identified the +3 hand crossbow "Pendulum" {drain, rPois
                  | rF+ Will- Str+2}
102613 | Pan      | Entered the realm of Mnoleg.
103759 | Pan      | Noticed Mnoleg
103771 | Pan      | Killed Mnoleg
104011 | Pan      | Got a glowing rune of Zot
104790 | Pan      | Gained mutation: You occasionally lose the ability to read
                  | scrolls when taking damage. [a neqoxec]
105115 | Pan      | Noticed Ramuima the pandemonium lord
105123 | Pan      | Killed Ramuima the pandemonium lord
105243 | Pan      | Reached skill level 5 in Stealth
105366 | Pan      | Found an exit through the horrors of the Abyss.
105986 | Pan      | Found an exit through the horrors of the Abyss.
106322 | Pan      | Noticed Ceck the pandemonium lord
106326 | Pan      | Killed Ceck the pandemonium lord
106490 | Pan      | Found a basalt altar of Yredelemnul.
107034 | Pan      | Noticed Juodoukuta the pandemonium lord
107040 | Pan      | Killed Juodoukuta the pandemonium lord
107048 | Pan      | Found an exit through the horrors of the Abyss.
107743 | Pan      | Entered the realm of Lom Lobon.
107958 | Pan      | Found an exit through the horrors of the Abyss.
108384 | Pan      | Reached skill level 15 in Shields
108469 | Pan      | Noticed Lom Lobon
108477 | Pan      | Killed Lom Lobon
108494 | Pan      | Got a magical rune of Zot
108987 | Pan      | Took an exit into the Abyss.
108987 | Abyss:4  | Escaped into the Abyss
109095 | Depths:4 | Escaped the Abyss
109500 | Zig:1    | Entered Level 1 of a ziggurat
109518 | Zig:2    | Entered Level 2 of a ziggurat
109543 | Zig:3    | Entered Level 3 of a ziggurat
109561 | Zig:3    | Identified the staff of death "Satzicao" {rN+ Str+3}
109590 | Zig:4    | Entered Level 4 of a ziggurat
109623 | Zig:5    | Entered Level 5 of a ziggurat
109649 | Zig:5    | Got the Cyclopedia of the Atmosphere and the Salvo
109650 | Zig:5    | Identified the ring "Plog" {rF+ rN+ Will+}
109655 | Zig:6    | Entered Level 6 of a ziggurat
109701 | Zig:7    | Entered Level 7 of a ziggurat
109763 | Zig:8    | Entered Level 8 of a ziggurat
109801 | Zig:8    | Got Erauc's Compendium of the Mortuary
109808 | Zig:9    | Entered Level 9 of a ziggurat
109857 | Zig:10   | Entered Level 10 of a ziggurat
109887 | Zig:10   | Identified the staff of conjuration "Jyhoxoc" {Str+2 Dex+3}
109896 | Zig:10   | Acquired a book of Decay
109898 | Zig:10   | Acquired 648 gold pieces
109915 | Zig:10   | Identified the +0 ring mail "Evov" {Str+3}
109926 | Zig:11   | Entered Level 11 of a ziggurat
109936 | Zig:11   | Noticed a juggernaut
109937 | Zig:11   | Noticed a juggernaut
109939 | Zig:11   | Killed a juggernaut
109942 | Zig:11   | Killed a juggernaut
109994 | Zig:12   | Entered Level 12 of a ziggurat
110005 | Zig:12   | Noticed Liamuc the pandemonium lord
110010 | Zig:12   | Killed Liamuc the pandemonium lord
110069 | Zig:12   | Identified the staff of cold "Suleweitz" {rF++ rC+ Str+4
                  | Int-4}
110077 | Zig:12   | Identified the +6 plate armour of Understanding {Regen+}
110084 | Zig:12   | Identified the staff of conjuration "Bivu" {*Slow rElec
                  | rN++ rCorr}
110182 | Zig:13   | Entered Level 13 of a ziggurat
110206 | Zig:13   | Reached skill level 27 in Fighting
110220 | Zig:13   | Identified the amulet "Sipreves" {RegenMP Regen+ rCorr
                  | Int+3}
110247 | Zig:13   | Identified the +5 scale mail "Kaukhar" {Rampage rPois}
110251 | Zig:14   | Entered Level 14 of a ziggurat
110267 | Zig:14   | Noticed a juggernaut
110270 | Zig:14   | Killed a juggernaut
110335 | Zig:14   | Identified the +9 war axe "Tomepraasite" {heavy, rF++
                  | Str+6}
110339 | Zig:14   | Identified the ring of the Jackalope {Will+ rCorr}
110347 | Zig:15   | Entered Level 15 of a ziggurat
110429 | Zig:15   | Identified the +5 sling of Chaos {antimagic, Will++ Int+2}
110430 | Zig:15   | Identified the +0 battleaxe of Trauma {vamp, Fly rElec
                  | Int+3 Dex-4}
110446 | Zig:15   | Identified the +7 chain mail of Ucav {Str+4 Int+5}
110447 | Zig:15   | Identified the +1 leather armour of the Hidden Seas {rF-
                  | Str+7 Dex+8}
110460 | Zig:16   | Entered Level 16 of a ziggurat
110471 | Zig:16   | Learned a level 9 spell: Death's Door
110478 | Zig:16   | Noticed Darezimu the pandemonium lord
110479 | Zig:16   | Noticed Yrabrikhlu the pandemonium lord
110481 | Zig:16   | Noticed Laisanwu the pandemonium lord
110483 | Zig:16   | Noticed Plog the pandemonium lord
110483 | Zig:16   | Noticed Myibicist the pandemonium lord
110485 | Zig:16   | Killed Plog the pandemonium lord
110485 | Zig:16   | Killed Myibicist the pandemonium lord
110486 | Zig:16   | Killed Laisanwu the pandemonium lord
110487 | Zig:16   | Killed Darezimu the pandemonium lord
110488 | Zig:16   | Noticed Todghaubb the pandemonium lord
110490 | Zig:16   | Killed Yrabrikhlu the pandemonium lord
110490 | Zig:16   | Noticed Terom the pandemonium lord
110492 | Zig:16   | Killed Todghaubb the pandemonium lord
110494 | Zig:16   | Killed Terom the pandemonium lord
110544 | Zig:16   | Identified the +1 leather armour "Kiuzenox" {Fly Dex+5}
110559 | Zig:16   | Identified the staff of conjuration "Zozxeu" {rC- rN+++
                  | rCorr SInv}
110560 | Zig:16   | Identified the +3 glaive of Ackikyt {flame, Str+2}
110569 | Zig:16   | Identified the +1 rapier of Egomania {speed, rF+ rC+ Str+3}
110578 | Zig:17   | Entered Level 17 of a ziggurat
110628 | Zig:17   | Identified the +10 dagger of Cerok {flame, rElec rPois
                  | Will+++ SInv}
110635 | Zig:17   | Identified the +10 rapier of the Wheel {flame, *Rage
                  | Will++}
110636 | Zig:17   | Identified the +5 sling of Bloodstone {elec, rPois Dex+5
                  | Stlth+}
110643 | Zig:17   | Identified the ring "Jeshyewk" {rElec rF+ rC+ Will+}
110650 | Zig:17   | Identified the staff of cold "Hirghius" {rC+ Will+ Str-3
                  | SInv}
110651 | Zig:17   | Identified the ring "Teicitan" {Wiz rPois rF+ Int+3}
110668 | Zig:17   | Identified the +8 chain mail of Lirghet {rC+ Regen+ rCorr}
110677 | Zig:18   | Entered Level 18 of a ziggurat
110696 | Zig:18   | Noticed a royal mummy
110698 | Zig:18   | Noticed a royal mummy
110699 | Zig:18   | Killed a royal mummy
110699 | Zig:18   | Killed a royal mummy
110702 | Zig:18   | Noticed a royal mummy
110703 | Zig:18   | Killed a royal mummy
110707 | Zig:18   | Noticed a royal mummy
110709 | Zig:18   | Noticed a royal mummy
110709 | Zig:18   | Killed a royal mummy
110710 | Zig:18   | Noticed a royal mummy
110720 | Zig:18   | Killed a royal mummy
110722 | Zig:18   | Killed a royal mummy
110734 | Zig:18   | Noticed a royal mummy
110737 | Zig:18   | Killed a royal mummy
110837 | Zig:18   | Found the +3 warlock's mirror {omnireflect}
110850 | Zig:18   | Identified the +9 whip "Kem Obuh" {antimagic, Fragile rPois
                  | rN+}
110853 | Zig:18   | Identified the +2 mace "Concordance" {flame, rF+ Str+3
                  | Int+3}
110862 | Zig:18   | Identified the staff of earth "Ciettefu" {Str+5}
110865 | Zig:18   | Got Sif Muna's Tome of Conflagrant Last Rites
110866 | Zig:18   | Identified the +2 spear of Experimentation {flame, Drain
                  | rC+ Int+5}
110890 | Zig:19   | Entered Level 19 of a ziggurat
110923 | Zig:19   | Noticed Daxugemp the pandemonium lord
110924 | Zig:19   | Killed Daxugemp the pandemonium lord
111087 | Zig:19   | Identified the +2 helmet of Fun {rC- Dex+5}
111106 | Zig:19   | Identified the staff of earth "Teym" {rF+ Dex+3}
111117 | Zig:19   | Got the Folio of the Jinx and Abominable Acts
111121 | Zig:19   | Identified the +5 shortbow "Seom Haw" {elec, *Corrode Str+4
                  | Int+6}
111127 | Zig:20   | Entered Level 20 of a ziggurat
111453 | Zig:20   | Identified the staff of conjuration "Xoocw" {rElec rPois
                  | Str+6 Stlth+}
111454 | Zig:20   | Identified the ring "Saunk" {rF+ Dex+3}
111483 | Zig:20   | Got the Notes on Iron Vitiation
111496 | Zig:21   | Entered Level 21 of a ziggurat
111595 | Zig:21   | Found the +7 great mace "Undeadhunter" {deathbane, rN+}
111605 | Zig:21   | Identified the staff of cold "Jotrahan" {rC+ Str+2 SInv}
111611 | Zig:21   | Identified the staff of death "Lamobro" {rElec rPois rN+
                  | Str-4 Dex+9}
111614 | Zig:21   | Identified the staff of cold "Kazuxuaf" {rF++ rC+ Will+
                  | rCorr}
111615 | Zig:21   | Identified the ring "Veufoyc" {rN+ Will- rCorr Dex+6}
111630 | Zig:21   | Identified the +2 leather armour of Dithmenos's Supremacy
                  | {-Tele rPois rF+++ rCorr}
111631 | Zig:21   | Identified the +8 crystal plate armour "Plog" {Rampage
                  | MP+9}
111666 | Zig:22   | Entered Level 22 of a ziggurat
111691 | Zig:22   | Killed a dread lich
111703 | Zig:22   | Noticed an ancient lich
111705 | Zig:22   | Killed an ancient lich
111711 | Zig:22   | Killed an ancient lich
111722 | Zig:22   | Noticed a dread lich
111722 | Zig:22   | Noticed an ancient lich
111722 | Zig:22   | Noticed a dread lich
111725 | Zig:22   | Killed an ancient lich
111726 | Zig:22   | Killed a dread lich
111727 | Zig:22   | Killed a dread lich
111840 | Zig:22   | Identified the +6 great mace "Cej Fyuj" {protect, rPois rC-
                  | Str+2}
111852 | Zig:22   | Identified the +2 ring mail of Uvioxesch {rN++ Dex-3}
111853 | Zig:22   | Identified the +1 cloak "Ver Hel" {rCorr}
111866 | Zig:22   | Identified the +0 chain mail of a volcano {Harm rElec MP-9
                  | Str+3}
111875 | Zig:23   | Entered Level 23 of a ziggurat
111919 | Zig:23   | Reached skill level 15 in Dodging
111969 | Zig:23   | Found the amulet of Vitality {RegenMP++ Regen++}
111981 | Zig:23   | Got the Grimoire of the Leaden Body
111982 | Zig:23   | Identified the staff of conjuration "Mishreq" {rPois rCorr}
112003 | Zig:23   | Identified the +1 ring mail "Sapab" {Will+}
112023 | Zig:23   | Identified the staff of fire "Mawucw" {rF+ Dex+2}
112024 | Zig:23   | Identified the staff of earth "Egron" {Str+4 Int-2}
112028 | Zig:23   | Got the Quarto of the Big Fish
112037 | Zig:24   | Entered Level 24 of a ziggurat
112049 | Zig:24   | Learned a level 8 spell: Infestation
112056 | Zig:24   | Noticed Qeojepao the pandemonium lord
112067 | Zig:24   | Killed Qeojepao the pandemonium lord
112068 | Zig:24   | Noticed Byal the pandemonium lord
112073 | Zig:24   | Killed Byal the pandemonium lord
112078 | Zig:24   | Noticed Anomm the pandemonium lord
112079 | Zig:24   | Noticed Horaod the pandemonium lord
112081 | Zig:24   | Killed Horaod the pandemonium lord
112082 | Zig:24   | Killed Anomm the pandemonium lord
112082 | Zig:24   | Noticed Ehilulow the pandemonium lord
112084 | Zig:24   | Killed Ehilulow the pandemonium lord
112088 | Zig:24   | Noticed Qipud the pandemonium lord
112088 | Zig:24   | Noticed Wawomewo the pandemonium lord
112089 | Zig:24   | Killed Wawomewo the pandemonium lord
112091 | Zig:24   | Killed Qipud the pandemonium lord
112091 | Zig:24   | Noticed Xengat the pandemonium lord
112092 | Zig:24   | Noticed Buukk the pandemonium lord
112093 | Zig:24   | Noticed Amaohi the pandemonium lord
112095 | Zig:24   | Killed Xengat the pandemonium lord
112097 | Zig:24   | Noticed Cittaem the pandemonium lord
112099 | Zig:24   | Noticed Virruapp the pandemonium lord
112104 | Zig:24   | Killed Cittaem the pandemonium lord
112108 | Zig:24   | Noticed Pysabag the pandemonium lord
112113 | Zig:24   | Killed Amaohi the pandemonium lord
112113 | Zig:24   | Killed Pysabag the pandemonium lord
112114 | Zig:24   | Killed Buukk the pandemonium lord
112118 | Zig:24   | Killed Virruapp the pandemonium lord
112280 | Zig:24   | Identified the +1 helmet of Wolimaes {rC+++ Str+3 Int-2
                  | SInv}
112293 | Zig:24   | Identified the +0 robe of the Skies Above {MP+9}
112307 | Zig:24   | Identified the +8 broad axe of Xaviema {flame, rCorr MP-9
                  | Str+5 Dex-5}
112315 | Zig:25   | Entered Level 25 of a ziggurat
112353 | Zig:25   | Reached skill level 27 in Spellcasting
112374 | Zig:25   | Found the +8 demon trident "Rift" {distort, reach+}
112374 | Zig:25   | Found the +10 zealot's sword {holy, Zealotry, *Rage rN+
                  | EV+3}
112381 | Zig:25   | Found the +9 staff of Olgreb {rPois∞}
112391 | Zig:25   | Identified the +8 falchion "Gaps" {venom, rElec rF- rCorr
                  | Dex+6}
112397 | Zig:25   | Identified the +5 shortbow of Karma {freeze, Int+2}
112408 | Zig:25   | Identified the +1 hand axe of the Two Names {heavy, rElec}
112416 | Zig:25   | Identified the ring "Cionuyt" {rCorr EV+5 Str+5}
112429 | Zig:26   | Entered Level 26 of a ziggurat
112459 | Zig:26   | Reached skill level 1 in Transmutations
112577 | Zig:26   | Found the +7 mace of Variability {chaos, chaos arc}
112584 | Zig:26   | Identified the +8 shortbow of Income {flame, rElec MP-9
                  | Dex+9 SInv}
112589 | Zig:26   | Identified the +0 plate armour of Classification {Regen+
                  | Str-5 Dex+2}
112604 | Zig:26   | Got the Tome of Allies and Rime
112631 | Zig:27   | Entered Level 27 of a ziggurat
112662 | Zig:27   | Reached skill level 5 in Transmutations
112777 | Zig:27   | Found the +3 crown of Dyrovepreva {rElec Int+2 SInv}
112789 | Zig:27   | Identified the ring "Ozxaxtur" {rC- MP+9 Str+4 Dex+2
                  | Stlth+}
112796 | Zig:27   | Identified the staff of earth "Peoruot" {Will++ Dex+2}
112798 | Zig:27   | Identified the +7 dagger of the Purple Skies {spect, Fly
                  | rN+ Str+3}
112806 | Zig:27   | Identified the ring "Imeici" {rF+ rN+ Will++ rCorr Int+6}
112814 | Zig:27   | Identified the +5 crystal plate armour "Puen" {Harm *Slow
                  | rC+}
112833 | Zig:27   | Acquired the +3 cloak "Soeriofi" {-Tele Fly rF+ Regen+}
112867 | Depths:3 | Learned a level 8 spell: Necromutation
113116 | Tomb:1   | Entered Level 1 of the Tomb of the Ancients
113399 | Tomb:1   | Identified the amulet "Obaseip" {Acrobat rElec rPois Dex+2
                  | Stlth+}
113591 | Tomb:1   | Noticed a royal mummy
113593 | Tomb:1   | Killed a royal mummy
113684 | Tomb:1   | Noticed a royal mummy
113687 | Tomb:1   | Killed a royal mummy
113857 | Tomb:2   | Noticed a royal mummy
113858 | Tomb:2   | Noticed a royal mummy
113860 | Tomb:2   | Noticed a royal mummy
113861 | Tomb:2   | Noticed a royal mummy
113869 | Tomb:2   | Killed a royal mummy
113872 | Tomb:2   | Killed a royal mummy
113873 | Tomb:2   | Killed a royal mummy
113873 | Tomb:2   | Killed a royal mummy
114065 | Tomb:2   | Reached skill level 10 in Transmutations
114339 | Tomb:1   | Noticed a royal mummy
114342 | Tomb:1   | Noticed a royal mummy
114344 | Tomb:1   | Noticed a royal mummy
114348 | Tomb:1   | Killed a royal mummy
114349 | Tomb:1   | Killed a royal mummy
114354 | Tomb:1   | Killed a royal mummy
114382 | Tomb:1   | Noticed a royal mummy
114388 | Tomb:1   | Killed a royal mummy
114441 | Tomb:1   | Noticed a royal mummy
114446 | Tomb:1   | Killed a royal mummy
114454 | Tomb:1   | Noticed a royal mummy
114457 | Tomb:1   | Killed a royal mummy
114506 | Tomb:1   | Noticed a royal mummy
114512 | Tomb:1   | Killed a royal mummy
114513 | Tomb:1   | Noticed a royal mummy
114516 | Tomb:1   | Killed a royal mummy
114521 | Tomb:1   | Noticed a royal mummy
114528 | Tomb:1   | Paralysed by a Zot trap for 5 turns
114530 | Tomb:1   | Noticed a royal mummy
114544 | Tomb:1   | Killed a royal mummy
114544 | Tomb:1   | Killed a royal mummy
114574 | Tomb:1   | Noticed a royal mummy
114577 | Tomb:1   | Noticed a royal mummy
114578 | Tomb:1   | Killed a royal mummy
114582 | Tomb:1   | Killed a royal mummy
114592 | Tomb:1   | Noticed a royal mummy
114598 | Tomb:1   | Killed a royal mummy
114873 | Tomb:3   | Entered Level 3 of the Tomb of the Ancients
114902 | Tomb:3   | Noticed a royal mummy
114903 | Tomb:3   | Noticed a royal mummy
114904 | Tomb:3   | Killed a royal mummy
114904 | Tomb:3   | Killed a royal mummy
114909 | Tomb:3   | Killed a royal mummy
114909 | Tomb:3   | Noticed a royal mummy
114910 | Tomb:3   | Noticed a royal mummy
114911 | Tomb:3   | Killed a royal mummy
114911 | Tomb:3   | Killed a royal mummy
114911 | Tomb:3   | Killed a royal mummy
114912 | Tomb:3   | Noticed a royal mummy
114914 | Tomb:3   | Killed a royal mummy
114915 | Tomb:3   | Killed a royal mummy
114942 | Tomb:3   | Found the necklace of Bloodlust {Fury *Rage Will++ Int-3
                  | Slay+6}
115004 | Tomb:3   | Got a golden rune of Zot
115105 | Tomb:3   | Identified the +2 robe of the Griffon {Stlth+}
115107 | Tomb:3   | Got the Annotations on Relocated Evolution
115109 | Tomb:3   | Identified the ring of Gikhaur {Will+ EV+5}
115115 | Tomb:3   | Got the Enchiridion on the Gargoyle and Mortification
115131 | Tomb:3   | Identified the +0 cloak of Hangman {Regen+ Dex+3}
115136 | Tomb:3   | Identified the amulet "Ywos" {Spirit Str+2}
115153 | Tomb:3   | Identified the +2 robe of Filigreed Mirth {Fly Will-
                  | Stlth+}
115756 | Geh:1    | Entered Level 1 of Gehenna
117134 | Geh:5    | You fall into a shaft and drop 1 floor!
117508 | Geh:7    | Entered Level 7 of Gehenna
118451 | Geh:7    | Found the +13 sceptre of Asmodeus
118451 | Geh:7    | Noticed Asmodeus
118461 | Geh:7    | Killed Asmodeus
118485 | Geh:7    | Got an obsidian rune of Zot
118533 | Geh:7    | Reached skill level 5 in Summonings
119365 | Vaults:4 | Bought a potion of haste for 270 gold pieces
119571 | Tar:1    | Entered Level 1 of Tartarus
119571 | Tar:1    | You fall into a shaft and drop 1 floor!
120772 | Tar:5    | Reached skill level 10 in Earth Magic
120866 | Tar:5    | Noticed a royal mummy
120870 | Tar:5    | Killed a royal mummy
120994 | Tar:6    | Learned a level 5 spell: Yara's Violent Unravelling
121097 | Tar:7    | Entered Level 7 of Tartarus
121381 | Tar:7    | Reached skill level 27 in Necromancy
122922 | Tar:7    | Reached skill level 15 in Earth Magic
123116 | Tar:7    | Noticed Ereshkigal
123122 | Tar:7    | Killed Ereshkigal
123170 | Tar:7    | Identified the +9 arbalest "Turaiv" {penet, rF+}
123174 | Tar:7    | Got a bone rune of Zot
123176 | Tar:7    | Got Jeuforel's Incunable of White Kindling
123182 | Tar:7    | Identified the +4 shortbow of Jeton {drain, rElec Will+
                  | rCorr Dex+4}
123383 | Dis:1    | Entered Level 1 of the Iron City of Dis
123597 | Dis:3    | You fall into a shaft and drop 1 floor!
124110 | Dis:7    | Entered Level 7 of the Iron City of Dis
124550 | Dis:7    | Reached skill level 27 in Evocations
124585 | Dis:7    | Noticed a juggernaut
124590 | Dis:7    | Killed a juggernaut
124903 | Dis:7    | Identified the +1 hand axe of Xumokav {vamp, Int+5}
124907 | Dis:7    | Identified the +10 flail of Incongruity {elec, Int+2}
124960 | Dis:7    | Noticed a juggernaut
124963 | Dis:7    | Killed a juggernaut
125394 | Dis:7    | Noticed the Serpent of Hell
125401 | Dis:7    | Killed the Serpent of Hell
125608 | Dis:7    | Noticed a juggernaut
125612 | Dis:7    | Killed a juggernaut
125827 | Dis:7    | Noticed Dispater
125835 | Dis:7    | Killed Dispater
125859 | Dis:7    | Identified the +6 great sword of Magnificence {freeze, rF+
                  | rC++ rN+}
125860 | Dis:7    | Identified the +1 spear of the Lonely Nightmares {distort,
                  | Fragile rN+++ Will- Stlth+}
125867 | Dis:7    | Got an iron rune of Zot
126024 | Coc:1    | Entered Level 1 of Cocytus
126357 | Coc:2    | Noticed an ancient lich
126361 | Coc:2    | Killed an ancient lich
126730 | Coc:3    | You fall into a shaft and drop 2 floors!
127404 | Coc:7    | Entered Level 7 of Cocytus
128001 | Coc:7    | Reached skill level 27 in Shields
128278 | Coc:7    | Noticed Antaeus
128284 | Coc:7    | Killed Antaeus
128310 | Coc:7    | Identified the +1 pair of boots of Weightlessness {rElec
                  | rPois Regen+ Dex-4}
128459 | Coc:7    | Got the Vademecum on Evolving Nonlocality
128482 | Coc:7    | Got an icy rune of Zot
128718 | D:9      | Noticed Pikel
128720 | D:9      | Killed Pikel
128769 | Temple   | Entered the Ecumenical Temple
129148 | Zot:5    | Entered Level 5 of the Realm of Zot
129372 | Zot:5    | Noticed a dread lich
129374 | Zot:5    | Killed a dread lich
129400 | Zot:5    | Noticed a dread lich
129402 | Zot:5    | Killed a dread lich
129406 | Zot:5    | Killed a dread lich
129410 | Zot:5    | Noticed an orb of fire
129414 | Zot:5    | Killed an orb of fire
129456 | Zot:5    | Noticed an orb of fire
129461 | Zot:5    | Killed an orb of fire
129463 | Zot:5    | Noticed an orb of fire
129468 | Zot:5    | Killed an orb of fire
129478 | Zot:5    | Noticed an orb of fire
129484 | Zot:5    | Killed an orb of fire
129543 | Zot:5    | Noticed an orb of fire
129547 | Zot:5    | Killed an orb of fire
129672 | Zot:5    | Noticed an orb of fire
129677 | Zot:5    | Killed an orb of fire
129678 | Zot:5    | Reached skill level 27 in Fire Magic
129801 | Zot:5    | Got the Orb of Zot
129852 | Zot:4    | Noticed Monoynk the pandemonium lord
129857 | Zot:4    | Killed Monoynk the pandemonium lord
129888 | Zot:2    | Noticed Juexosio the pandemonium lord
129890 | Zot:2    | Killed Juexosio the pandemonium lord
130234 | D:7      | Noticed Ugeem the pandemonium lord
130304 | D:3      | Noticed a seraph
130307 | D:3      | Killed a seraph
130398 | D:$      | Escaped with the Orb!

Illustrated notes

Levels and vault maps discovered:
D:1:      scummos_arrival_checkerplants, layout_basic
D:2:      layout_rooms, grunt_decor_resistance, serial_bayou_ford_a,
          minivault_26, lightli_corner_chamber
D:3:      layout_loops_ring, vehumet_altar_wand_db, chequers_garden,
          uniq_jessica
D:4:      layout_basic, amethyst_overflow_temple_binary, uniq_eustachio
D:5:      layout_loops_ring, trog_butcher_becter, serial_park_tiny_2,
          kennysheep_crisscross, kennysheep_generic_room_5
D:6:      minmay_angry_zag, layout_loops_ring,
          minmay_temple_entry_statues_fountains, st_stairs_1
D:7:      layout_layer_cave, lemuel_doored_altar, minmay_hollow_rounded_squares,
          uniq_joseph
D:8:      layout_basic, kennysheep_small_spiral,
          amcnicky_mini_rare_corridor_liquid
D:9:      layout_small_grid, serial_shops, shop, enter_bailey_2, uniq_pikel,
          uniq_amaemon
D:10:     minmay_weird_star, layout_rooms, david_lair_generic
D:11:     layout_roguey
D:12:     layout_cave_pools, hiddenorc1_lemuel, ebering_ghost_inner_flame
D:13:     layout_loops_ring, gauntlet_entry_generic, uniq_maurice, uniq_rupert,
          uniq_snorg
D:14:     layout_basic, erik_vaults_1, gammafunk_ghost_icy,
          hangedman_decor_slide_cut, minmay_curled_crystal, uniq_lodul,
          uniq_azrael, uniq_roxanne
D:15:     grunt_enter_depths_hoard, layout_rooms, fountainhead,
          portal_ice_cave_entry_ice_simulacra
Temple:   sentei_temple_godly_chess
Lair:1:   layout_hall_layers, infiniplex_staircase_pool_2, uniq_fannar
Lair:2:   layout_loops_ring, minmay_shoals_entry_hut,
          nicolae_snake_entry_warm_welcome
Lair:3:   layout_cave_pods, serial_bayou_pond_b, grunt_megastairs_1
Lair:4:   layout_cave_pods, chequers_serial_rivers_micro_d, serial_bayou_shore_a
Lair:5:   hangedman_lair_caniforms_friends, layout_gridlike, wormcave,
          slime_entry_1, nicolae_quartered_pool_medium, kennysheep_snail_temple,
          uniq_kirke
Shoals:1: layout_shoals, nicolae_shoals_cliffside_cave
Shoals:2: layout_shoals
Shoals:3: nicolae_shoals_lighthouse, layout_shoals, gammafunk_ghost_cemetery,
          serial_shops, nicolae_shop_real_fake_doors
Shoals:4: shoals_end_grunt_ice, layout_shoals, serial_shops,
          nicolae_shop_drivethru, nicolae_shoals_siren_and_animal_friends
Snake:1:  layout_gridlike, serial_bayou_pond_a
Snake:2:  nicolae_snake_attic_fulla_snakes, layout_chambers, drop_trap,
          lemuel_fruit_tree, grunt_megastairs_4, uniq_aizul
Snake:3:  layout_grid_maze, special_room, uniq_vashnia
Snake:4:  johnstein_snake_rune_scales, layout_cave_town, serial_shops,
          nicolae_lakefront_shop, nicolae_snake_serpentine_bazaar,
          minmay_shoptagon, uniq_mlioglotl
Slime:1:  layout_caves, cheibrodos_slime_lost_civilization_4
Slime:2:  layout_caves, nicolae_slime_barrier
Slime:3:  layout_caves, nicolae_slime_welcoming_committee
Slime:4:  layout_caves, cheibrodos_slime_lost_civilization_7
Slime:5
Orc:1:    layout_caves, nicolae_orc_damp_corner, uniq_nergalle, uniq_erica,
          uniq_harold
Orc:2:    kennysheep_orc_mage_school, layout_diamond_mine, basic_altar
Elf:1:    layout_onion_city, minmay_elf_demonology, uniq_donald
Elf:2:    elven_hall_of_blades_hangedman_original [grunt_blade_entry_basic],
          layout_rooms, moated_statue, nrook_mini_backslash, uniq_jorgrun
Elf:3:    minmay_elf_hall_dome, layout_geoelf_castle, uniq_zenata
Vaults:1: nicolae_vaults_statue_guard, nicolae_vaults_big_angled_halls,
          nicolae_vaults_network_star, hangedman_vaults_impose,
          nicolae_vaults_trapezoid_3, hangedman_vaults_restitches,
          nicolae_vaults_surprise_closet, nicolae_vaults_yaktaur_gun_rack,
          layout_vaults_chaotic_city, serial_shops, shop, uniq_saint_roka
Vaults:2: nicolae_vaults_tangram_1, blue_anna_dwarven_crypt, v_misc_11,
          v_misc_23, v_alt_pattern_3, nicolae_vaults_security_offices_6,
          v_misc_30, nicolae_vaults_house_2, ontoclasm_vaults_idyll,
          nicolae_vaults_sightless_eye, vaults_room_stairs_pillars,
          layout_vaults_ring
Vaults:3: vaults_mumra_hexcomb, nicolae_vaults_network_periphery, v_misc_26,
          nicolae_vaults_crenellated_ambush, ontoclasm_vaults_ring_square,
          ontoclasm_vaults_gateway, ontoclasm_vaults_decontamination,
          v_pattern_3, nicolae_vaults_trapezoid_lopsided_3,
          ontoclasm_vaults_loading_screen, nicolae_vaults_prndl,
          vaults_dpeg_ring, layout_vaults_omnicross
Vaults:4: nicolae_vaults_mini_display_case, ontoclasm_vaults_ring_square,
          nicolae_vaults_asterisk, vaults_dpeg_cross,
          nicolae_vaults_tetromino_L_1, layout_vaults_omnigrid, serial_shops,
          shop, shop, nicolae_shop_hallway_plus, shop
Vaults:5: serial_shops
Crypt:1:  layout_regular_city, grunt_megastairs_3, uniq_margery
Crypt:2:  layout_gridlike, basic_altar, nicolae_fountain_basement
Crypt:3:  church_of_pain_bobbens, layout_chaotic_city,
          tomb_entry_forgotten_bobbens
Tomb:1
Tomb:2
Tomb:3
Depths:1: minmay_the_grid_3x3 [minmay_the_grid_garden,
          minmay_the_grid_outer_diamond, minmay_the_grid_minigrid_medium,
          minmay_the_grid_eight, minmay_the_grid_minigrid_small_alt,
          minmay_the_grid_odd_star, minmay_the_grid_plusring,
          minmay_the_grid_broken_lines, minmay_the_grid_prize_four_corners],
          layout_gridlike, hell_entry, lightli_enter_wizlab_magi_temple,
          minmay_crystal_water, abyss_entry_flame_altar
Depths:2: lemuel_castle_with_subvaults [lemuel_castle_interior_carwin_3],
          layout_cave_shapes, rand_demon_pan_entry_8, serial_shops, shop,
          hell_entry, abyss_entry_glasseish
Depths:3: minmay_central_circle, layout_long_grid, enter_ziggurat_a,
          enter_trove_6, minmay_misc_feat_five, abyss_entry, hell_entry,
          nicolae_ru_awakened_eye
Depths:4: grunt_zot_entry_funnels, layout_gridville, hell_entry, serial_glass,
          glass_columns_c, glass_columns_a, glass_columns_b,
          rand_demon_pan_entry_9, nemelex_spade_bored_becter, minmay_shop_star
Hell
Dis:1:    layout_gridville
Dis:2:    layout_gridville
Dis:3:    layout_subdivisions
Dis:4:    layout_gridville
Dis:5:    layout_subdivisions
Dis:6:    layout_gridville
Dis:7:    dis_grunt_layers
Geh:1:    layout_gehenna_lava_caves
Geh:2:    layout_gehenna_lava_caves
Geh:3:    layout_gehenna_lava_caves
Geh:4:    layout_gehenna_lava_caves
Geh:5:    layout_gehenna_pools_triple, minmay_fire_ice_demons
Geh:6:    layout_gehenna_pools_box, hangedman_elemental_grid_stream
Geh:7:    geh_grunt_pentagon
Coc:1:    layout_ice_bergs
Coc:2:    layout_ice_bergs
Coc:3:    layout_ice_bergs
Coc:5:    layout_cocytus_water_paths
Coc:6:    layout_ice_bergs
Coc:7:    coc_grunt_cove [coc_grunt_cove_antaeus, coc_grunt_cove_fiend,
          coc_grunt_cove_fiend, coc_grunt_cove_fiend, coc_grunt_cove_fiend]
Tar:1:    layout_cathedral_of_symmetry
Tar:2:    layout_catacombs
Tar:3:    layout_catacombs
Tar:4:    layout_catacombs
Tar:5:    nicolae_tar_entombed_in_hell, layout_cathedral_of_symmetry
Tar:6:    layout_grid_maze
Tar:7:    tar_minmay_river
Zot:1:    lemuel_halls_of_wrath, layout_twisted_circle, uniq_tiamat
Zot:2:    gammafunk_sealed_arena, layout_gridville
Zot:3:    layout_concentric_octagons, gammafunk_ghost_grave
Zot:4:    grunt_zot_stairs_mandelzot, layout_basic, st_stairs_8,
          nicolae_shop_clearance, uniq_grunn
Zot:5:    layout_misc_corridors

Skill      XL: |  1  2  3  4  5  6  7  8  9 10 11 12 13 14 15 16 17 18 19 20 21 22 23 24 25 26 27 |
---------------+----------------------------------------------------------------------------------+-----
Dodging        | 2 3 5 6 8 9 10 11 12 13 20 | 20.0
Fighting       | 1 2 3 4 5 6 8 9 11 12 13 14 15 16 17 20 27 | 27.0
Conjurations   | 6 7 8 9 12 14 15 16 17 18 19 20 21 22 23 24 25 26 27 | 27.0
Short Blades   | 1 3 6 |  6.0
Spellcasting   | 6 8 9 11 12 13 14 15 16 17 27 | 27.0
Staves         | 4 6 7 8 9 12 | 12.0
Evocations     | 4 6 8 10 11 12 13 14 27 | 27.0
Shields        | 4 7 9 10 11 12 13 27 | 27.0
Translocations | 2 |  2.0
Stealth        | 2 9 |  9.0
Summonings     | 2 3 5 |  5.0
Fire Magic     | 2 7 10 11 13 15 17 19 20 27 | 27.0
Necromancy     | 3 7 9 13 27 | 27.0
Earth Magic    | 23 | 23.6
Transmutations | 14 | 14.0

Action                     |  1- 3 |  4- 6 |  7- 9 | 10-12 | 13-15 | 16-18 | 19-21 | 22-24 | 25-27 || total
---------------------------+-------+-------+-------+-------+-------+-------+-------+-------+-------++-------
  Melee: Unarmed           |     7 |       |       |       |       |       |       |       |       ||     7
         Dagger            |       |    15 |       |       |       |       |       |       |       ||    15
         Tailslap          |       |     2 |     7 |    18 |    38 |    43 |    27 |    88 |   350 ||   573
         Short sword       |       |       |    70 |    23 |       |       |       |       |       ||    93
         Punch             |       |       |     1 |       |       |       |       |       |       ||     1
         Staff             |       |       |       |    73 |   336 |   328 |   158 |   372 |  1644 ||  2911
   Cast: Magic Dart        |    58 |    89 |    64 |     8 |       |       |       |       |       ||   219
         Searing Ray       |     4 |    10 |    34 |   126 |    94 |    20 |       |       |       ||   288
         Fulminant Prism   |       |       |     1 |   102 |    98 |    44 |    21 |     6 |       ||   272
         Dazzling Flash    |       |       |       |     3 |     3 |       |       |       |       ||     6
         Iron Shot         |       |       |       |     9 |    21 |   225 |   415 |   531 |   918 ||  2119
         Orb of Destructio |       |       |       |     9 |    97 |   240 |   108 |   115 |    76 ||   645
         Irradiate         |       |       |       |     7 |    44 |    37 |    14 |    36 |    81 ||   219
         Freezing Cloud    |       |       |       |       |    36 |    12 |    32 |    29 |       ||   109
         Blink             |       |       |       |       |     1 |     2 |     1 |     2 |    30 ||    36
         Spellforged Servi |       |       |       |       |       |       |     8 |     6 |     5 ||    19
         Iskenderun's Batt |       |       |       |       |       |       |     5 |     2 |       ||     7
         Sublimation of Bl |       |       |       |       |       |       |    15 |    79 |   424 ||   518
         Fire Storm        |       |       |       |       |       |       |       |    58 |  1489 ||  1547
         Lehudib's Crystal |       |       |       |       |       |       |       |       |   751 ||   751
         Necromutation     |       |       |       |       |       |       |       |       |     8 ||     8
         Infestation       |       |       |       |       |       |       |       |       |     4 ||     4
Ability: Breathe Noxious F |       |       |     1 |     2 |     1 |       |     1 |     1 |     1 ||     7
  Evoke: Wand              |       |     6 |     3 |     2 |     4 |    10 |     5 |     1 |    10 ||    41
         Tin of tremorston |       |       |       |       |     1 |     6 |     1 |     1 |     2 ||    11
         Lightning rod     |       |       |       |       |       |     7 |     7 |     2 |     1 ||    17
         Phantom mirror    |       |       |       |       |       |     2 |     1 |     1 |     1 ||     5
         Box of beasts     |       |       |       |       |       |     3 |     2 |     1 |     2 ||     8
         Phial of floods   |       |       |       |       |       |       |     1 |       |       ||     1
         Horn of Geryon    |       |       |       |       |       |       |       |       |     2 ||     2
    Use: Scroll            |     1 |     6 |     6 |    12 |     7 |    12 |     1 |     2 |    39 ||    86
         Potion            |       |       |     1 |     1 |     3 |     4 |       |     1 |    40 ||    50
   Stab: Sleeping          |       |       |     2 |     1 |     1 |       |       |     3 |     2 ||     9
         Invisible         |       |       |       |       |     1 |       |       |       |       ||     1
         Paralysed         |       |       |       |       |     5 |     4 |       |       |       ||     9
         Distracted        |       |       |       |       |       |     1 |     1 |     2 |    10 ||    14
         Confused          |       |       |       |       |       |       |     1 |       |       ||     1
 Armour: Skin              |     6 |    13 |    32 |    82 |   189 |   314 |    63 |   127 |   668 ||  1494
  Dodge: Dodged            |    23 |    67 |   100 |   207 |   365 |   324 |    82 |   181 |   783 ||  2132
  Block: Buckler           |       |       |       |    20 |    53 |       |       |       |       ||    73
         Kite shield       |       |       |       |       |   144 |   435 |   218 |   482 |  1404 ||  2683
         Reflection        |       |       |       |       |       |    12 |    14 |    34 |    35 ||    95
         Tower shield      |       |       |       |       |       |       |       |       |   910 ||   910
